 Seeded DCSS version 0.31-a0-920-g28cbb04 (webtiles) character file.

Game seed: 3092976834585820157 (custom seed)

28512372 PurpleRed the Archmage (level 27, 199/199 HPs)
             Began as a Deep Elf Conjurer on Oct 16, 2023.
             Was the Champion of Vehumet.
             Escaped with the Orb
             ... and 15 runes on Oct 17, 2023!
             The game lasted 05:42:27 (52337 turns).

PurpleRed the Archmage (Deep Elf Conjurer)         Turns: 52337, Time: 05:42:28

Health: 199/199    AC: 26    Str:  6    XL:     27
Magic:  75/75      EV: 21    Int: 54    God:    Vehumet [******]
Gold:   5229       SH: 16    Dex: 16    Spells: 9/80 levels left

rFire   + + +        I - staff of conjuration
rCold   + + +        n - +2 shield of Resistance {rF++ rC++ Will++}
rNeg    + + +        A - +7 Cigotuvi's embrace {Corpsefed rMiasma Drain rN+}
rPois   ∞            L - +3 hat of Pondering {ponderous, Will+ MP+10 Int+5}
rElec   +            j - +4 dragonskin cloak
rCorr   .            V - +0 pair of gloves of the Mind {Drain rElec Will+ SInv}
SInv    +            T - +2 pair of boots {Fly}
Will    +++++        h - amulet of Vitality {RegenMP++ Regen++}
Stlth   +++          Z - ring of Incredulity {rN+ MP+9 Int+5 Dex+3}
HPRegen 2.13/turn    R - ring "Sonivi" {Contam Will+ Str+2 Int+6 Stlth+}
MPRegen 1.24/turn

%: no passive effects
@: death-form, flying, studying 8 skills, slow
A: vile attack, torment immunity, no potions, fire resistance 2
0: Orb of Zot
}: 15/15 runes: decaying, serpentine, slimy, silver, golden, iron, obsidian,
icy, bone, abyssal, demonic, glowing, magical, fiery, dark
a: Siphon Essence, Begin Untransformation, Renounce Religion


You escaped.
You worshipped Vehumet.
Vehumet was exalted by your worship.
You were an undying horror.
You visited 18 branches of the dungeon, and saw 88 of its levels.
You visited Pandemonium 1 time, and saw 14 of its levels.
You visited the Abyss 1 time.
You completed 1 ziggurat, and saw 27 of its levels.
You also visited: Trove, Gauntlet, Ice Cave and Wizlab.

You collected 9206 gold pieces.
You spent 3977 gold pieces at shops.

Inventory:

Hand Weapons
 H - the +7 long sword "Ruqurphal" {heavy, rElec rC+ Dex+7}
   (You found it on level 22 of a ziggurat)

   Dex+7:     It affects your dexterity (+7).
   rC+:       It protects you from cold.
   rElec:     It insulates you from electricity.
Armour
 j - the +4 dragonskin cloak (worn)
   (You took it off Tiamat on level 3 of the Realm of Zot)

   Avatar's Aegis: It grants the wearer a chance to resist fire, cold, poison,
   electricity, acid, and negative energy.
 k - the +1 pair of boots of Serendipity {rElec rC+ Int+3}
   (You found it on level 23 of a ziggurat)

   Int+3:     It affects your intelligence (+3).
   rC+:       It protects you from cold.
   rElec:     It insulates you from electricity.
 n - the +2 shield of Resistance (worn) {rF++ rC++ Will++}
   (You found it on level 26 of a ziggurat)

   rF++:      It greatly protects you from fire.
   rC++:      It greatly protects you from cold.
   Will++:    It greatly increases your willpower.
 o - the +0 robe "Hati Utim" {rElec rC++ rCorr}
   (You bought it in a shop on level 3 of the Snake Pit)

   rC++:      It greatly protects you from cold.
   rElec:     It insulates you from electricity.
   rCorr:     It protects you from acid and corrosion.
 r - a +2 helmet of see invisible
 v - the +5 ring mail "Antiwn" {*Corrode Int+4 Stlth+}
   (You found it on level 4 of a ziggurat)

   Int+4:     It affects your intelligence (+4).
   *Corrode:  It may corrode you when you take damage.
   Stlth+:    It makes you more stealthy.
 A - the +7 Cigotuvi's embrace (worn) {Corpsefed rMiasma Drain rN+}
   (You found it on level 9 of the Dungeon)

   Corpsefed: It gathers nearby corpses to temporarily increase the armour it
   provides.
   rMiasma:   It protects you from foul pestilence.
   rN+:       It protects you from negative energy.
   Drain:     It drains your maximum health when unequipped.
 D - a +3 buckler of reflection
 K - the -1 pair of gloves of Jojona {Regen+ Dex+3}
   (You found it in a Gauntlet)

   Dex+3:     It affects your dexterity (+3).
   Regen+:    It increases your rate of health regeneration.
 L - the +3 hat of Pondering (worn) {ponderous, Will+ MP+10 Int+5}
   (You found it on level 24 of a ziggurat)

   Int+5:     It affects your intelligence (+5).
   Will+:     It increases your willpower.
   MP+10:     It affects your magic capacity (+10).
 T - a +2 pair of boots of flying (worn)
 V - the +0 pair of gloves of the Mind (worn) {Drain rElec Will+ SInv}
   (You found it on level 5 of the Vaults)

   rElec:     It insulates you from electricity.
   Will+:     It increases your willpower.
   SInv:      It lets you see invisible.
   Drain:     It drains your maximum health when unequipped.
Magical Staves
 y - the staff "Luec" {+Blink rF+ rN+ Fire}
   (You found it on level 23 of a ziggurat)

   [staff of fire]

   Base accuracy: +5 Base damage: 5 Base attack delay: 1.2 This weapon's minimum
   attack delay (0.6) is reached at skill level 12.
   rF+:       It protects you from fire.
   rN+:       It protects you from negative energy.
   +Blink:    It lets you blink.
   Fire:      It increases the power of your Fire spells.
   It falls into the 'Staves' category.
   It is a one-handed weapon.
 I - a staff of conjuration (weapon)
Jewellery
 a - the ring of Vossul {rPois rF++ MP+9 Str+6 Slay-3}
   (You found it on level 20 of a ziggurat)

   [ring of strength]

   Str+6:     It affects your strength (+6).
   Slay-3:    It affects your accuracy & damage with ranged weapons and melee
   (-3).
   rF++:      It greatly protects you from fire.
   rPois:     It protects you from poison MP+9: It affects your magic capacity
   (+9).
 c - the ring of Hechuit {Wiz Int+3 Dex+4}
   (You found it on level 20 of a ziggurat)

   [ring of wizardry]

   Wiz:       It improves your spell success rate.
   Int+3:     It affects your intelligence (+3).
   Dex+4:     It affects your dexterity (+4).
 d - the ring "Leptoyc" {MP+9 Int+3}
   (You found it on level 13 of a ziggurat)

   [ring of magical power]

   Int+3:     It affects your intelligence (+3).
   MP+9:      It affects your magic capacity (+9).
 g - the ring "Diaph" {Fire +Blink MP+9 Int+2}
   (You found it on level 26 of a ziggurat)

   [ring of fire]

   Fire:      It enhances your fire magic.
   Int+2:     It affects your intelligence (+2).
   rF+:       It protects you from fire.
   rC-:       It makes you vulnerable to cold.
   MP+9:      It affects your magic capacity (+9).
   +Blink:    It lets you blink.
 h - the amulet of Vitality (around neck) {RegenMP++ Regen++}
   (You found it on level 5 of the Pits of Slime)

   [amulet of magic regeneration]

   RegenMP:   It increases your rate of magic regeneration.
   Regen++:   It increases your rate of health regeneration.
 u - the ring of Cynicism {Fly rElec Dex+3}
   (You found it on level 3 of the Tomb of the Ancients)

   [ring of flight]

   Dex+3:     It affects your dexterity (+3).
   rElec:     It insulates you from electricity.
   Fly:       It grants you flight.
 J - the ring of Curiosity {rC+ Dex+7}
   (You found it on level 5 of the Pits of Slime)

   [ring of protection from cold]

   Dex+7:     It affects your dexterity (+7).
   rC+:       It protects you from cold.
 M - the amulet of Xom's Fair Game {Reflect *Slow rF+++ Will++ SH+5}
   (You found it on level 6 of a ziggurat)

   [amulet of reflection]

   Reflect:   It reflects blocked missile attacks.
   rF+++:     It renders you almost immune to fire.
   Will++:    It greatly increases your willpower.
   *Slow:     It may slow you when you take damage.
   SH+5:      It affects your SH (+5).
 R - the ring "Sonivi" (right hand) {Contam Will+ Str+2 Int+6 Stlth+}
   (You found it on level 26 of a ziggurat)

   [ring of intelligence]

   Str+2:     It affects your strength (+2).
   Int+6:     It affects your intelligence (+6).
   Will+:     It increases your willpower.
   Contam:    It causes magical contamination when unequipped.
   Stlth+:    It makes you more stealthy.
 S - the ring of Owkic {rElec AC+4}
   (You found it on level 13 of a ziggurat)

   [ring of protection]

   AC+4:      It affects your AC (+4).
   rElec:     It insulates you from electricity.
 U - a ring of see invisible
 W - a +6 ring of intelligence
 X - the ring "Ketoyno" {rElec rF+ Slay+4}
   (You took it off an ogre mage on level 10 of the Dungeon)

   [ring of protection from fire]

   Slay+4:    It affects your accuracy & damage with ranged weapons and melee
   (+4).
   rF+:       It protects you from fire.
   rElec:     It insulates you from electricity.
 Y - the ring "Nekh" {Will+ rCorr}
   (You took it off an efreet on level 10 of the Dungeon)

   [ring of willpower]

   Will+:     It increases your willpower.
   rCorr:     It protects you from acid and corrosion.
 Z - the ring of Incredulity (left hand) {rN+ MP+9 Int+5 Dex+3}
   (You found it in a treasure trove)

   [ring of positive energy]

   Int+5:     It affects your intelligence (+5).
   Dex+3:     It affects your dexterity (+3).
   rN+:       It protects you from negative energy.
   MP+9:      It affects your magic capacity (+9).
Talismans
 x - a talisman of death (active)
Wands
 z - a wand of light (50)
 P - a wand of digging (56)
Scrolls
 e - 11 scrolls of amnesia
 t - 6 scrolls of immolation
 E - 20 scrolls of fog
 F - 5 scrolls of butterflies
 G - 5 scrolls of blinking
 O - 29 scrolls of teleportation
Potions
 b - 19 potions of magic
 f - 11 potions of might
 i - 4 potions of haste
 l - 20 potions of mutation
 m - 6 potions of cancellation
 p - 7 potions of brilliance
 q - 7 potions of enlightenment
 s - 7 potions of invisibility
 w - 25 potions of curing
 C - 13 potions of heal wounds
 Q - 3 potions of resistance
Miscellaneous
 B - 2 +1 figurines of a ziggurat
 N - a phantom mirror


   Skills:
 O Level 27 Fighting
 - Level 14.0 Long Blades
 + Level 16.9 Armour
 - Level 20.0 Dodging
 - Level 18.0 Stealth
 - Level 15.0 Shields
 O Level 27 Spellcasting
 - Level 22.0 Conjurations
 - Level 3.0 Hexes
 - Level 8.0 Necromancy
 - Level 3.0 Translocations
 - Level 22.0 Fire Magic
 + Level 14.6 Ice Magic
 - Level 22.0 Air Magic
 - Level 22.0 Earth Magic
 - Level 23.0 Shapeshifting


You had 9 spell levels left.
You knew the following spells:

 Your Spells              Type           Power      Damage    Failure   Level
a - Ignition              Fire           71%        3d19      1%          8
b - Fire Storm            Conj/Fire      84%        8d21      1%          9
c - Apportation           Tloc           100%       N/A       1%          1
d - Iskenderun's Mystic   Conj/Tloc      100%       2d19      1%          4
e - Fireball              Conj/Fire      84%        3d31      0%          5
f - Orb of Destruction    Conj           84%        9d19      1%          7
g - Lehudib's Crystal Sp  Conj/Erth      84%        10d19     1%          8
h - Blink                 Tloc           100%       N/A       1%          2
i - Searing Ray           Conj           100%       2d8       0%          2
j - Magic Dart            Conj           100%       1d8       0%          1
k - Fulminant Prism       Conj/Hex       71%        3d29      1%          4
s - Shatter               Erth           71%        3d52*     1%          9
v - Chain Lightning       Conj/Air       84%        3d112     1%          9
x - Sublimation of Blood  Necr           100%       N/A       1%          2

Your spell library contained the following spells:

 Spells                   Type           Power      Damage    Failure   Level
 Foxfire                  Conj/Fire      100%       2x1d9     0%          1
 Freeze                   Ice            100%       1d10      0%          1
 Kiss of Death            Conj/Necr      100%       2d13      0%          1
 Necrotise                Necr           100%       1d9       0%          1
 Sandblast                Erth           100%       2d20      0%          1
 Shock                    Conj/Air       100%       1d9       0%          1
 Cigotuvi's Dreadful Rot  Necr/Pois/Air  100%       N/A       0%          2
 Momentum Strike          Conj/Tloc      100%       3d10      0%          2
 Passwall                 Tmut/Erth      94%        N/A       0%          2
 Poisonous Vapours        Pois/Air       100%       N/A       0%          2
 Scorch                   Fire           100%       2d9       0%          2
 Static Discharge         Conj/Air       100%       2-7/arc   0%          2
 Dazzling Flash           Conj/Hex       100%       N/A       0%          3
 Frozen Ramparts          Ice            100%       1d16      0%          3
 Hailstorm                Conj/Ice       100%       3d20      0%          3
 Inner Flame              Hex/Fire       100%       N/A       0%          3
 Mephitic Cloud           Conj/Pois/Air  100%       N/A       0%          3
 Ozocubu's Armour         Ice            100%       N/A       0%          3
 Stone Arrow              Conj/Erth      100%       3d13      0%          3
 Swiftness                Air            100%       N/A       0%          3
 Volatile Blastmotes      Fire/Tloc      100%       2d18      0%          3
 Airstrike                Air            71%        2d(11-27) 0%          4
 Flame Wave               Conj/Fire      100%       2d21      0%          4
 Sticky Flame             Conj/Fire      100%       2d11      0%          4
 Arcjolt                  Conj/Air       84%        1d94      0%          5
 Freezing Cloud           Conj/Ice/Air   81%        6-21      0%          5
 Iskenderun's Battlesphe  Conj           100%       2d15      0%          5
 Lee's Rapid Deconstruct  Erth           71%        3d32*     0%          5
 Bombard                  Conj/Erth      84%        9d13      0%          6
 Conjure Ball Lightning   Conj/Air       84%        3x3d32    0%          6
 Plasma Beam              Fire/Air       71%        2x1d88    0%          6
 Starburst                Conj/Fire      84%        6d21      0%          6
 Sting                    Tmut/Pois      100%       1d8       1%          1
 Summon Small Mammal      Summ           100%       N/A       1%          1
 Call Imp                 Summ           100%       N/A       1%          2
 Ensorcelled Hibernation  Hex/Ice        100%       N/A       1%          2
 Jinxbite                 Hex            100%       N/A       1%          2
 Lesser Beckoning         Tloc           100%       N/A       1%          2
 Wereblood                Tmut           64%        N/A       1%          2
 Call Canine Familiar     Summ           64%        N/A       1%          3
 Confusing Touch          Hex            81%        N/A       1%          3
 Gell's Gravitas          Tloc           81%        N/A       1%          3
 Ignite Poison            Fire/Tmut/Pois 100%       N/A       1%          3
 Summon Guardian Golem    Hex/Summ       73%        N/A       1%          3
 Teleport Other           Tloc           81%        N/A       1%          3
 Tukima's Dance           Hex            81%        N/A       1%          3
 Vampiric Draining        Necr           100%       2d13      1%          3
 Anguish                  Hex/Necr       46%        N/A       1%          4
 Animate Armour           Summ/Erth      100%       N/A       1%          4
 Animate Dead             Necr           100%       N/A       1%          4
 Cause Fear               Hex            40%        N/A       1%          4
 Dimensional Bullseye     Hex/Tloc       40%        N/A       1%          4
 Dispel Undead            Necr           100%       3d31      1%          4
 Leda's Liquefaction      Hex/Erth       59%        N/A       1%          4
 Manifold Assault         Tloc           81%        N/A       1%          4
 Olgreb's Toxic Radiance  Pois           64%        N/A       1%          4
 Passage of Golubria      Tloc           81%        N/A       1%          4
 Petrify                  Tmut/Erth      100%       N/A       1%          4
 Summon Ice Beast         Ice/Summ       100%       N/A       1%          4
 Summon Lightning Spire   Summ/Air       100%       N/A       1%          4
 Vhi's Electric Charge    Tloc/Air       100%       N/A       1%          4
 Agony                    Necr           100%       N/A       1%          5
 Borgnjor's Vile Clutch   Necr/Erth      62%        N/A       1%          5
 Irradiate                Conj/Tmut      68%        3d34      1%          5
 Metabolic Englaciation   Hex/Ice        53%        N/A       1%          5
 Silence                  Hex/Air        59%        N/A       1%          5
 Yara's Violent Unravell  Hex/Tmut       36%        3d15      1%          5
 Simulacrum               Ice/Necr       57%        N/A       1%          6
 Ozocubu's Refrigeration  Ice            62%        4d21      1%          7
 Spellforged Servitor     Conj/Summ      68%        N/A       1%          7
 Maxwell's Capacitive Co  Air            71%        ∞         1%          8
 Death Channel            Necr           51%        N/A       2%          6
 Summon Forest            Summ/Tloc      36%        N/A       6%          5
 Summon Mana Viper        Hex/Summ       73%        N/A       6%          5
 Alistair's Intoxication  Tmut/Pois      42%        N/A       12%         5
 Eringya's Noxious Bog    Tmut/Pois      32%        4d6       17%         6
 Dispersal                Tloc           40%        N/A       19%         6
 Polar Vortex             Ice            62%        12d8*     28%         9
 Summon Cactus Giant      Summ           32%        N/A       54%         6
 Haunt                    Necr/Summ      43%        N/A       56%         7
 Enfeeble                 Hex            40%        N/A       71%         7
 Infestation              Necr           51%        N/A       71%         8
 Monstrous Menagerie      Summ           32%        N/A       98%         7
 Summon Hydra             Summ           32%        N/A       98%         7
 Discord                  Hex            40%        N/A       100%        8
 Disjunction              Tloc           40%        N/A       100%        8
 Summon Horrible Things   Summ           32%        N/A       100%        8


Dungeon Overview and Level Annotations

Branches:
Dungeon (15/15)            Temple (1/1) D:7            Lair (5/5) D:10
  Swamp (4/4) Lair:3        Snake (4/4) Lair:3        Slime (5/5) Lair:4
    Orc (2/2) D:10            Elf (3/3) Orc:2        Vaults (5/5) D:14
  Crypt (3/3) Vaults:3       Tomb (3/3) Crypt:3      Depths (4/4) D:15
   Hell (visited)             Dis (7/7) Hell            Geh (7/7) Hell
    Coc (7/7) Hell            Tar (7/7) Hell            Zot (5/5) Depths:4
  IceCv (visited)          WizLab (visited)         Gauntlet (visited)

Altars:
Ashenzari
Cheibriados
Dithmenos
Elyvilon
Fedhas
Gozag
Hepliaklqana
Kikubaaqudgha
Makhleb
Nemelex Xobeh
Okawaru
Qazlal
Ru
Sif Muna
Trog
Uskayaw
Vehumet
Wu Jian
Xom
Yredelemnul
Zin
The Shining One
Jiyva

Shops:
D:5 *   D:10 !   D:12 !   D:14 *   D:15 *   Orc:1 !   Orc:2 [*!:   Elf:1 (
Elf:3 !   Snake:1 ?   Snake:3 *=   Snake:4 :   Vaults:1 :

Portals:
Hell: Depths:1 Depths:2 Depths:3 Depths:4
Abyss: D:13 Depths:3
Pandemonium: Depths:2 Depths:3

Annotations:
D:13 2 transporters, Maxmaps's ghost, adept FoSk
Lair:2 Gastronok
Lair:3 1 runed translucent door, Luuwnalu's ghost, journeyman KoHu
Elf:1 3 runed translucent doors, Wiynotta's ghost, adept OpAE
Elf:2 5 runed translucent doors
Elf:3 1 runed translucent door, edsrzf's ghost, adept DsCK
Vaults:3 1 transporter


Innate Abilities, Weirdness & Mutations

You are an undying horror.
Your melee and unarmed attacks drain, slow and weaken victims.
You are immune to unholy pain and torment.
You cannot drink.
You are immune to poison.
Your flesh is very heat resistant. (rF++)


Message History

An Orb Guardian comes into view.
Casting: Shatter (dangerous; 1% risk of failure)
Confirm with . or Enter, or press ? or * to list all spells.
The dungeon rumbles!
You kill the Orb Guardian!
Vehumet accepts your kill.
You feel your power returning.
Ka-crash!
An Orb Guardian comes into view.
Casting: Shatter (dangerous; 1% risk of failure)
Confirm with . or Enter, or press ? or * to list all spells.
The dungeon rumbles!
You kill the Orb Guardian!
Vehumet accepts your kill.
You feel your power returning.
Ka-crash!
Things that are here:
a +0 club; a +0 sling
There is a stone staircase leading up here.
You fly upwards.
There is a stone staircase leading down here.
A frilled lizard comes into view.
Casting: Shatter (dangerous; 1% risk of failure)
Confirm with . or Enter, or press ? or * to list all spells.
The dungeon rumbles!
You kill the frilled lizard!
Vehumet accepts your kill.
You feel your power returning.
Ka-crash!
The bodies of the dead rush to embrace you!
A chunk of your corpse armour falls away.
You reach down and open the door.
There is an open door here.
A chunk of your corpse armour falls away.
There is a fountain of clear blue water here.
There is an open door here.
There is an open door here.
A chunk of your corpse armour falls away.
There is a staircase leading out of the dungeon here.
You have escaped!

###### ##
###....###############.
###.#........##...#......
###.....#####...###.....###
#....####...####.....####..
#..###.........###'###.....
#..#......z......'.'......⌠
#..###.........###'###.....
#....####...####.....####..
#.....).#####......#....###
#.................#..##....
#.##..###...##........##...
#.##### ########..###.# #..
### ##########.########.
#..................†


There were no monsters in sight!

Vanquished Creatures
  Cerebov (Pan)
  Antaeus (Coc:7)
  Asmodeus (Geh:7)
  the Royal Jelly (Slime:5)
  the Serpent of Hell (Dis:7)
  Gloorx Vloq (Pan)
  Lom Lobon (Pan)
  Mnoleg (Pan)
  Dispater (Dis:7)
  14 pandemonium lords
  7 dread liches
  Tiamat (Zot:3)
  11 orbs of fire
  10 ancient liches
  Mara (Snake:4)
  3 juggernauts
  Josephina (Zot:3)
  22 royal mummies
  The ghost of Xenat the Impregnable, a veteran MiGl of Hepliaklqana (Crypt:3)
  10 shard shrikes
  7 Killer Klowns
  Frederick (Crypt:1)
  Vashnia (Snake:4)
  25 caustic shrikes
  18 golden dragons
  Geryon (Hell)
  A curse toe (Zot:4)
  Nikola (Swamp:3)
  3 profane servitors
  7 bone dragons
  19 iron giants
  3 doom hounds
  6 Tzitzimimeh
  21 Brimstone Fiends
  3 electric golems
  24 Ice Fiends
  9 hellephants
  A spectral shard shrike (Tar:4)
  Zenata (Crypt:3)
  12 liches
  Rupert (Lair:4)
  19 tentacled monstrosities
  25 Hell Sentinels
  A walking earthen tome (Zig:13)
  15 tainted leviathans
  2 deep elf blademasters (Elf:3)
  5 deep elf master archers
  17 titans
  18 searing wretches
  32 Orb Guardians
  23 quicksilver dragons
  15 acid blobs
  40 ancient champions
  7 sphinxes
  Frances (Elf:1)
  15 Executioners
  6 death cobs
  Kirke (D:13)
  6 tentacled starspawn
  3 tengu reavers (Vaults:5)
  15 shadow dragons
  27 storm dragons
  12 revenants
  Roxanne (D:15)
  8 rockslimes
  Aizul (Snake:3)
  4 thorn hunters
  16 draconian monks
  34 nagarajas
  A frost giant (shapeshifter) (Zig:27)
  2 deep elf sorcerers
  12 narguns
  20 fire giants
  11 azure jellies
  3 fenstrider witches (WizLab)
  2 emperor scorpions (Zig:11)
  18 draconian knights
  8 iron dragons
  16 draconian scorchers
  44 balrugs
  An emperor scorpion (shapeshifter) (Vaults:5)
  4 ghost moths
  16 frost giants
  8 demonspawn warmongers
  15 vault wardens
  2 spectral juggernauts
  6 curse skulls
  7 shard shrike simulacra
  3 deep elf elementalists (Elf:3)
  3 demonspawn blood saints
  15 draconian annihilators
  9 cacodemons
  9 quicksilver elementals
  13 draconian stormcallers
  2 spectral caustic shrikes (Tar:5)
  8 demonspawn corrupters
  12 draconian shifters
  14 ghouls
  2 ironbound thunderhulks
  12 reapers
  15 orc warlords
  20 very ugly things
  14 ironbound preservers
  30 war gargoyles
  9 quicksilver oozes
  24 stone giants
  2 formless jellyfish
  5 eleionomae
  5 deep elf annihilators
  8 demonspawn black suns
  2 bennus (Tomb:3)
  6 spark wasps
  11 vampire knights
  8 deep elf demonologists
  An eleionoma (shapeshifter) (Zig:12)
  8 dire elephants
  22 elemental wellsprings
  14 green draconians
  21 black draconians
  4 lorocyprocas
  16 wendigos
  10 putrid mouths
  A minotaur (Gauntlet)
  28 red draconians
  2 spectral hellephants (Crypt:3)
  4 bunyips
  25 white draconians
  7 eidola
  19 purple draconians
  18 iron golems
  11 yellow draconians
  7 deep elf death magi
  16 blizzard demons
  6 green deaths
  5 merfolk javelineers
  9 merfolk impalers
  22 mummy priests
  10 jiangshi
  11 deep elf high priests
  2 spectral elves (Crypt:3)
  10 ettins
  A quicksilver dragon zombie (Crypt:3)
  5 shambling mangroves
  16 fire dragons
  3 great orbs of eyes
  4 entropy weavers
  3 spriggan zombies
  7 yaktaur captains
  3 rakshasas
  Erolcha (D:10)
  2 ironbound frosthearts
  2 hell beasts
  19 hydras
  2 catoblepae (Lair:5)
  11 caustic shrike simulacra
  35 ice dragons
  36 salamander tyrants
  2 spectral spriggans (Tar:5)
  10 juggernaut simulacra
  24 anacondas
  6 spriggan air magi
  5 stokers
  A ghost crab (Swamp:2)
  7 ogre magi
  33 vault guards
  5 alligators
  A merfolk avatar (Zig:14)
  17 dancing weapons
  5 boulder beetles
  An alligator snapping turtle (Zig:15)
  13 two-headed ogres
  16 centaur warriors
  Erica (D:8)
  7 merfolk aquamancers
  25 naga warriors
  8 deep troll shamans
  3 death yaks (Lair:5)
  5 tengu warriors
  A quicksilver ooze zombie (Crypt:2)
  67 death scarabs
  25 naga sharpshooters
  A titan zombie (Abyss:2)
  6 deep troll earth magi
  13 demonic crawlers
  19 orc high priests
  A satyr (Zig:15)
  6 shock serpents
  6 thrashing horrors
  17 vampire magi
  7 spriggan berserkers (Depths:2)
  34 hell hogs
  5 hell knights
  16 deep elf knights
  28 soul eaters
  38 sun demons
  2 titan skeletons
  A fire crab (shapeshifter) (D:14)
  Amaemon (Lair:1)
  8 crystal echidnas
  13 sixfirhies
  A spatial maelstrom (Zig:13)
  22 skeletal warriors
  26 shadow wraiths
  3 wretched stars
  13 iron trolls
  7 salamander mystics
  2 anaconda zombies
  A sun moth (Zig:11)
  7 sea snakes
  5 goliath frogs
  8 arcanists
  15 death drakes
  5 spriggan druids
  2 obsidian statues (IceCv)
  2 pharaoh ants (Zig:11)
  5 shadow demons
  56 deep trolls
  3 quicksilver dragon simulacra
  12 deep elf archers
  3 orb spiders (Zig:11)
  5 glowing orange brains
  10 flayed ghosts
  13 bog bodies
  5 spectral hydras (Swamp:4)
  2 orange crystal statues
  4 spriggan simulacra
  A steelbarb worm (shapeshifter) (Zig:12)
  14 phantasmal warriors
  13 naga ritualists
  A bunyip skeleton (Crypt:3)
  16 swamp dragons
  13 harpies
  4 lindwurms
  9 ironbound convokers
  An alligator zombie (Hell)
  2 necromancers
  2 occultists (Pan)
  A steelbarb worm (Zig:11)
  30 deep elf pyromancers
  2 anaconda skeletons
  A shadow dragon skeleton (Tomb:1)
  12 starcursed masses
  A sphinx simulacrum (Zig:16)
  21 orc knights
  2 wolf spider zombies (D:9)
  26 deep elf zephyrmancers
  17 orc sorcerers
  An eleionoma zombie (Crypt:1)
  26 salamanders
  4 oklob plants
  2 wolf spiders (Zig:11)
  2 manticores
  A glowing shapeshifter (Zig:12)
  6 fauns
  39 ugly things
  12 cyclopes
  A manticore (shapeshifter) (Zig:12)
  4 shining eyes
  12 mana vipers
  An elephant (shapeshifter) (D:14)
  A worldbinder (Zig:13)
  5 merfolk sirens
  A centaur zombie (Tomb:1)
  2 apocalypse crabs
  31 moths of wrath
  55 black mambas
  11 vault sentinels
  An alligator skeleton (Hell)
  6 water nymphs
  3 stone giant skeletons
  A black mamba (shapeshifter) (D:14)
  5 ice statues
  2 dire elephant skeletons
  11 rust devils
  18 smoke demons
  2 elephants (Lair:5)
  3 titan simulacra
  3 eyes of devastation
  11 molten gargoyles
  15 guardian serpents
  4 storm dragon simulacra
  17 naga magi
  16 orange demons
  9 large abominations
  2 centaur skeletons
  2 torpor snails
  5 gargoyles
  Maggie (D:7)
  12 cane toads
  6 komodo dragons
  A red draconian zombie (Crypt:3)
  11 rime drakes
  21 yaktaurs
  44 hellions
  An unseen horror (D:12)
  18 freezing wraiths
  8 ancient zymes
  A bunyip simulacrum (Coc:1)
  29 tormentors
  2 iron giant simulacra
  7 anaconda simulacra
  10 efreet
  44 guardian mummies
  2 spectral nagas (Tar:5)
  A harpy zombie (Crypt:3)
  4 ice devils
  A spectral two-headed ogre (Tar:2)
  2 hydra zombies (Swamp:4)
  A tengu conjurer (D:10)
  A spectral harpy (Tar:4)
  2 sea snake skeletons
  A green draconian skeleton (Crypt:2)
  9 golden dragon simulacra
  6 hellwings
  A merfolk (shapeshifter) (Zig:10)
  5 meliai
  2 wind drakes
  5 red devils
  A bloated husk (Swamp:3)
  31 merfolk
  6 polar bears
  A shadow dragon simulacrum (Zig:16)
  3 death drake zombies (Swamp:4)
  14 trolls
  8 tyrant leeches
  An iron dragon simulacrum (Coc:3)
  A culicivora zombie (Crypt:3)
  A tarantella zombie (Crypt:1)
  2 snapping turtles (Zig:15)
  2 death drake skeletons (Swamp:4)
  11 blink frogs
  19 hornets
  8 raiju
  2 stone giant simulacra
  A great orb of eyes zombie (Crypt:2)
  An air elemental (Elf:3)
  A slime creature (shapeshifter) (D:15)
  29 flying skulls
  Sigmund (D:3)
  2 jumping spiders (Zig:11)
  A culicivora (Zig:11)
  A culicivora (shapeshifter) (Elf:1)
  73 slime creatures
  13 water elementals
  A centaur simulacrum (Coc:1)
  An ettin skeleton (Crypt:1)
  A shadow (D:10)
  5 vampires
  9 wraiths
  18 spriggans
  8 wyverns
  7 dire elephant simulacra
  2 basilisks
  11 ynoxinuls
  7 ushabtiu
  14 neqoxecs
  A golden eye (Abyss:3)
  8 steam dragons
  56 yaks
  21 fire elementals
  5 fire bats
  4 hogs (D:13)
  7 chaos spawn
  A white draconian simulacrum (Zot:3)
  7 vampire mosquitoes
  Menkaure (D:5)
  4 redbacks (Gauntlet)
  15 harpy simulacra
  38 nagas
  A swamp worm (shapeshifter) (Zig:10)
  A glowing shapeshifter zombie (Crypt:1)
  13 wargs
  A minotaur simulacrum (IceCv)
  A demonspawn zombie (Crypt:1)
  13 swamp worms
  16 acid dragons
  16 water moccasins
  10 hell hounds
  6 hydra simulacra
  A floating eye (Depths:2)
  A small abomination (Abyss:3)
  79 orc warriors
  18 swamp drakes
  6 black bears
  A demonspawn skeleton (Pan)
  A swamp dragon zombie (Swamp:4)
  8 ice beasts
  A hog zombie (Crypt:2)
  12 ettin simulacra
  12 wolves
  42 ogres
  A phantom (D:4)
  14 centaurs
  A vine stalker zombie (Crypt:3)
  2 kobold brigands
  5 necrophages
  A deep troll simulacrum (IceCv)
  7 bullfrogs
  3 earth elementals
  2 gnoll sergeants
  2 naga simulacra
  3 scorpions
  A draconian skeleton (Crypt:2)
  17 wights
  A killer bee (D:10)
  2 howler monkeys (D:10)
  2 electric eels (Elf:3)
  8 crimson imps (Pan)
  A wolf skeleton (Crypt:2)
  12 jellies (Lair:4)
  A hound (D:5)
  A gnoll bouda (D:10)
  26 orc priests
  6 iguanas
  30 orc wizards
  Terence (D:3)
  A lightning spire (Gauntlet)
  An ogre skeleton (Crypt:3)
  A tengu skeleton (Crypt:2)
  25 mummies
  5 adders
  8 gnolls
  4 white imps
  An iguana zombie (Crypt:2)
  3 worms (D:2)
  6 dart slugs
  95 orcs
  A bat (D:3)
  8 endoplasms
  3 giant cockroaches (D:1)
  5 goblins
  11 hobgoblins
  11 jackals
  7 quokkas
  10 ball pythons
  3 frilled lizards
  2 frilled lizard skeletons
  A jackal zombie (Crypt:1)
  12 kobolds
  4 rats
  4 ball lightnings (Pan)
  6 creeping infernos
  5 fire vortices
  3 starspawn tentacles
4230 creatures vanquished.

Vanquished Creatures (collateral kills)
  A royal mummy (Tomb:1)
  A caustic shrike (Dis:5)
  A bone dragon (Zig:20)
  A doom hound (Tar:6)
  A titan (Vaults:5)
  A quicksilver dragon (Zig:24)
  A sphinx (Vaults:5)
  A thorn hunter (Swamp:4)
  A storm dragon (Zig:24)
  A shadow dragon (Vaults:5)
  A revenant (Zig:20)
  A draconian monk (Zig:21)
  A nagaraja (Zig:22)
  A draconian knight (Zig:16)
  A draconian scorcher (Zig:17)
  2 iron dragons
  A draconian shifter (Zig:17)
  A very ugly thing (Depths:1)
  A quicksilver ooze (Slime:2)
  A cacodemon (Pan)
  A spark wasp (Depths:1)
  A merfolk impaler (Zig:15)
  2 soul eaters
  A deep troll (Depths:4)
  An oklob plant (WizLab)
  A phantasmal warrior (Vaults:5)
  An apocalypse crab (Zig:27)
  A naga mage (Zig:22)
  A hydra zombie (Swamp:4)
  A harpy simulacrum (Coc:5)
  3 swamp drakes
  An ogre (Zig:18)
36 creatures vanquished.

Vanquished Creatures (others)
  An eldritch tentacle (Pan)
  An azure jelly (shapeshifter) (Zig:27)
  A hell hog (Geh:1)
  A glowing orange brain (Pan)
  An occultist (Pan)
  A deep elf pyromancer (Elf:3)
  An anaconda simulacrum (Coc:7)
  A bloated husk (Swamp:3)
  2 hellwings (Pan)
  A red devil (Zot:5)
  A raiju (Abyss:3)
  A yak (D:10)
  A chaos spawn (Zig:27)
  A naga (Zig:22)
  2 small abominations (Abyss:3)
  2 acid dragons (Zig:24)
  A floating eye (shapeshifter) (Zig:27)
  An orc wizard (Orc:2)
  A howler monkey simulacrum (D:10)
  2 ball lightnings (Pan)
  876 fire vortices
  198 fulminant prisms
  4 starspawn tentacles
1102 creatures vanquished.

Grand Total: 5368 creatures vanquished

Notes
Turn   | Place    | Note
-------+----------+-------------------------------------------
     0 | D:1      | PurpleRed the Deep Elf Conjurer began the quest for the
                  | Orb.
     0 | D:1      | Reached XP level 1. HP: 10/10 MP: 6/6
   177 | D:2      | Reached skill level 1 in Hexes
   177 | D:2      | Reached XP level 2. HP: 15/15 MP: 5/8
   180 | D:2      | Learned a level 2 spell: Searing Ray
  1029 | D:2      | Reached skill level 5 in Conjurations
  1029 | D:2      | Reached XP level 3. HP: 17/19 MP: 5/10
  1400 | D:2      | Reached XP level 4. HP: 24/24 MP: 8/11
  1764 | D:3      | Learned a level 4 spell: Fulminant Prism
  1799 | D:3      | Noticed Terence
  1805 | D:3      | Killed Terence
  2126 | D:3      | Noticed Sigmund
  2141 | D:3      | Killed Sigmund
  2142 | D:3      | Reached skill level 5 in Spellcasting
  2142 | D:3      | Reached XP level 5. HP: 20/28 MP: 2/14
  2142 | D:3      | Reached XP level 6. HP: 23/32 MP: 2/15
  2945 | D:4      | Reached XP level 7. HP: 36/36 MP: 6/18
  3308 | D:5      | Entered Level 5 of the Dungeon
  3451 | D:5      | Found Vasug's Fire Supplies.
  3575 | D:5      | Learned a level 4 spell: Iskenderun's Mystic Blast
  3631 | D:5      | Reached skill level 1 in Translocations
  4002 | D:5      | Noticed Menkaure
  4239 | D:6      | Noticed a steam dragon
  4240 | D:6      | Reached XP level 8. HP: 41/41 MP: 14/20
  4696 | D:6      | You fall into a shaft and drop 3 floors!
  4713 | D:10     | Entered Level 10 of the Dungeon
  4740 | D:9      | Reached skill level 10 in Conjurations
  4845 | D:9      | Reached XP level 9. HP: 45/45 MP: 5/23
  5356 | D:7      | Noticed Maggie
  5373 | D:7      | Killed Maggie
  5746 | D:7      | Found a staircase to the Ecumenical Temple.
  5780 | D:7      | Reached skill level 10 in Spellcasting
  5814 | Temple   | Entered the Ecumenical Temple
  5838 | Temple   | Became a worshipper of Vehumet
  5959 | D:7      | Noticed a cyclops
  5982 | D:7      | Killed a cyclops
  6492 | D:8      | Reached XP level 10. HP: 50/50 MP: 8/26
  6688 | D:8      | Noticed Erica
  6701 | D:8      | Killed Erica
  6712 | D:8      | Noticed a boulder beetle
  6722 | D:8      | Killed a boulder beetle
  6935 | D:8      | Noticed a two-headed ogre
  6947 | D:8      | Killed a two-headed ogre
  7095 | D:8      | Found a hazy altar of Hepliaklqana.
  7132 | D:8      | Identified the +1 chain mail of Patience {rC+ Str+3}
  7372 | D:5      | Killed Menkaure
  7397 | D:5      | Bought Cerebov's Catalogue of Ignition for 570 gold pieces
  7403 | D:5      | Learned a level 5 spell: Fireball
  7566 | D:9      | Reached skill level 1 in Fire Magic
  7572 | D:9      | Reached * piety under Vehumet
  7572 | D:9      | Offered knowledge of Shock by Vehumet.
  7588 | D:9      | Reached skill level 1 in Fighting
  7768 | D:9      | Reached XP level 11. HP: 50/56 MP: 17/29
  8392 | D:9      | Offered knowledge of Static Discharge by Vehumet.
  8529 | D:9      | Found the +4 Cigotuvi's embrace {Corpsefed rMiasma Drain
                  | rN+}
  8586 | D:10     | Reached skill level 15 in Conjurations
  8725 | D:10     | Found a staircase to the Orcish Mines.
  8735 | D:10     | Reached ** piety under Vehumet
  8736 | D:10     | Reached skill level 5 in Fire Magic
  8811 | D:10     | Identified the ring "Cylatiog" {Ice Will+ rCorr}
  8811 | D:10     | Noticed a centaur warrior
  8825 | D:10     | Killed a centaur warrior
  8830 | D:10     | Noticed a five-headed hydra
  9126 | D:10     | Identified the ring "Ketoyno" {rElec rF+ Slay+4}
  9126 | D:10     | Noticed an ogre mage
  9132 | D:10     | Killed an ogre mage
  9233 | D:10     | Identified the ring "Nekh" {Will+ rCorr}
  9258 | D:10     | Noticed a two-headed ogre
  9262 | D:10     | Killed a two-headed ogre
  9631 | D:10     | Killed a five-headed hydra
  9738 | D:10     | Found Qeseke's Distillery.
  9864 | D:5      | Bought a +0 pair of gloves of fire resistance for 172 gold
                  | pieces
 10087 | D:10     | Identified the ring "Cymewk" {rPois rF+ AC+4}
 10092 | D:10     | Found a basalt altar of Yredelemnul.
 10092 | D:10     | Found a broken altar of Ashenzari.
 10193 | D:10     | Noticed Erolcha
 10203 | D:10     | Killed Erolcha
 10204 | D:10     | Reached XP level 12. HP: 66/66 MP: 5/31
 10371 | D:10     | Found a staircase to the Lair.
 10935 | D:11     | Offered knowledge of Momentum Strike by Vehumet.
 11233 | D:13     | Identified the "Kioblano"
 11233 | Lair:1   | Entered Level 1 of the Lair of Beasts
 11233 | Lair:1   | Noticed Amaemon
 11239 | Lair:1   | Killed Amaemon
 11474 | Lair:1   | Reached *** piety under Vehumet
 11894 | Lair:1   | Learned a level 2 spell: Sublimation of Blood
 12008 | Lair:2   | Reached skill level 5 in Fighting
 12010 | Lair:2   | Noticed Gastronok
 12068 | Lair:2   | Offered knowledge of Flame Wave by Vehumet.
 12164 | Lair:2   | Noticed a seven-headed hydra
 12173 | Lair:2   | Killed a seven-headed hydra
 12176 | Lair:2   | Reached skill level 10 in Fire Magic
 12322 | Lair:2   | Noticed a five-headed hydra
 12568 | Lair:2   | Killed a five-headed hydra
 12925 | Lair:2   | Noticed a five-headed hydra
 12929 | Lair:2   | Killed a five-headed hydra
 13133 | Lair:2   | Learned a level 2 spell: Blink
 13150 | Lair:2   | Identified the +5 long sword "Zuorepil" {flame, rPois Int-2
                  | Dex+2 Stlth+}
 13241 | Lair:2   | Reached XP level 13. HP: 73/73 MP: 18/33
 13255 | Lair:2   | Reached skill level 15 in Spellcasting
 13844 | Lair:3   | Reached **** piety under Vehumet
 14163 | Lair:3   | Found a staircase to the Swamp.
 14215 | Lair:3   | Found a staircase to the Snake Pit.
 14218 | Lair:3   | Offered knowledge of Iskenderun's Battlesphere by Vehumet.
 14418 | Lair:3   | Found a runed translucent door.
 14419 | Lair:3   | Noticed Luuwnalu's ghost (journeyman KoHu)
 14494 | Lair:4   | Noticed Rupert
 14805 | Lair:4   | Identified the +9 quarterstaff of Biczuteg {flame, rPois
                  | Stlth+}
 14902 | Lair:4   | Learned a level 9 spell: Fire Storm
 14948 | Lair:5   | Entered Level 5 of the Lair of Beasts
 15492 | Lair:5   | Found the necklace of Bloodlust {Fury *Rage Will++ Int-3
                  | Slay+6}
 16486 | Lair:4   | Reached ***** piety under Vehumet
 16535 | Lair:4   | Killed Rupert
 16624 | Lair:4   | Found a viscous altar of Jiyva.
 16625 | Lair:4   | Found a staircase to the Slime Pits.
 16661 | Lair:4   | Offered knowledge of Eringya's Noxious Bog by Vehumet.
 16773 | Lair:4   | Reached XP level 14. HP: 80/80 MP: 36/36
 17018 | Orc:1    | Entered Level 1 of the Orcish Mines
 17023 | Orc:1    | Noticed an orc warlord
 17156 | D:10     | Killed an orc warlord
 17420 | Orc:2    | Entered Level 2 of the Orcish Mines
 17580 | Orc:1    | Reached skill level 5 in Dodging
 17585 | Orc:1    | Found Cobeoram's Distillery.
 17793 | Orc:1    | Found a bloodstained altar of Trog.
 17950 | Orc:1    | Offered knowledge of Conjure Ball Lightning by Vehumet.
 18315 | Orc:2    | Found a staircase to the Elven Halls.
 18418 | Orc:2    | Paralysed by an orc sorcerer for 2 turns
 18540 | Orc:2    | Found Onwiv's Book Boutique.
 18540 | Orc:2    | Found Uceun's Armour Shoppe.
 18543 | Orc:2    | Found Getaq's Assorted Antiques.
 18543 | Orc:2    | Found Rava's Distillery.
 18551 | Orc:2    | Bought a scroll labelled ZOGOANW EGIO for 32 gold pieces
 18865 | Orc:2    | Bought a smoky red potion for 28 gold pieces
 18868 | Orc:2    | Bought a potion of brilliance for 44 gold pieces
 18868 | Orc:2    | Bought a potion of heal wounds for 55 gold pieces
 18868 | Orc:2    | Bought a potion of curing for 33 gold pieces
 18868 | Orc:2    | Bought a potion of enlightenment for 55 gold pieces
 18868 | Orc:2    | Bought a potion of mutation for 88 gold pieces
 19176 | D:12     | Identified the amulet "Fiyb" {Faith rC- Regen+ Str+5 Int-4}
 19278 | D:12     | Found Vuklyjur's Distillery.
 19284 | D:12     | Bought a potion of magic for 96 gold pieces
 20175 | D:12     | Offered knowledge of Orb of Destruction by Vehumet.
 20196 | D:12     | Learned a level 7 spell: Orb of Destruction
 20293 | D:13     | Noticed Kirke
 20302 | D:13     | Killed Kirke
 20319 | D:13     | Identified the +8 great sword of Valiance {antimagic, SInv
                  | Stlth+}
 20692 | D:13     | Found a transporter.
 20700 | D:13     | Found a one-way gate to the infinite horrors of the Abyss.
 20700 | D:13     | Noticed Maxmaps's ghost (adept FoSk)
 20721 | D:13     | Found a transporter.
 21142 | D:14     | Found a gate leading to a gauntlet.
 21151 | Gauntlet | Entered a Gauntlet
 21151 | Gauntlet | Found a transporter.
 21151 | Gauntlet | Found a transporter.
 21155 | Gauntlet | Found a transporter.
 21155 | Gauntlet | Found a transporter.
 21164 | Gauntlet | Found a transporter.
 21168 | Gauntlet | Found a large runed translucent door.
 21169 | Gauntlet | Found a large runed translucent door.
 21179 | Gauntlet | Found a transporter.
 21189 | Gauntlet | Found a transporter.
 21189 | Gauntlet | Found a transporter.
 21194 | Gauntlet | Found a transporter.
 21194 | Gauntlet | Found a large runed translucent door.
 21202 | Gauntlet | Found a transporter.
 21237 | Gauntlet | Found a transporter.
 21302 | Gauntlet | Found a transporter.
 21312 | Gauntlet | Found a transporter.
 21328 | Gauntlet | Found a transporter.
 21429 | Gauntlet | Found a transporter.
 21431 | Gauntlet | Found a large runed translucent door.
 21431 | Gauntlet | Found a large runed translucent door.
 21432 | Gauntlet | Found a large runed translucent door.
 21432 | Gauntlet | Found a large runed translucent door.
 21433 | Gauntlet | Found a runed translucent door.
 21433 | Gauntlet | Found a runed translucent door.
 21433 | Gauntlet | Found a large runed translucent door.
 21433 | Gauntlet | Found a large runed translucent door.
 21434 | Gauntlet | Found a large runed translucent door.
 21434 | Gauntlet | Found a large runed translucent door.
 21437 | Gauntlet | Found a large runed translucent door.
 21437 | Gauntlet | Found a large runed translucent door.
 21439 | Gauntlet | Found a large runed translucent door.
 21439 | Gauntlet | Found a large runed translucent door.
 21439 | Gauntlet | Found a large runed translucent door.
 21441 | Gauntlet | Found a runed translucent gate.
 21441 | Gauntlet | Found a runed translucent gate.
 21441 | Gauntlet | Found a runed translucent gate.
 21443 | Gauntlet | Found a transporter.
 21670 | Gauntlet | Identified the -1 pair of gloves of Jojona {Regen+ Dex+3}
 21750 | Gauntlet | Identified the +2 helmet of the Desert {rPois Dex+2}
 22000 | D:14     | Found Mamaefew's General Store.
 22159 | D:14     | Upgraded the game from 0.31-a0-889-g1a85495 to
                  | 0.31-a0-914-g4c35d5e
 22289 | D:14     | Reached skill level 15 in Fire Magic
 22366 | D:14     | Reached XP level 15. HP: 86/86 MP: 30/38
 22426 | D:14     | Found a gate to the Vaults.
 22498 | D:15     | Entered Level 15 of the Dungeon
 22883 | D:15     | Offered knowledge of Starburst by Vehumet.
 23003 | D:15     | Learned a level 6 spell: Starburst
 23029 | D:15     | Noticed Roxanne
 23114 | D:15     | Killed Roxanne
 23386 | D:15     | Found Hiroe's Pet Rocks.
 23946 | D:15     | Found a staircase to the Depths.
 24264 | Vaults:5 | Identified the "Foestutz"
 24264 | WizLab   | Identified the "Ysian"
 24264 | Depths:3 | Identified the of Docoziw
 24264 | Depths:3 | Identified the "Zupsoem"
 24264 | Elf:1    | Identified the of Udwoddo
 24264 | Elf:1    | Entered Level 1 of the Elven Halls
 24749 | Elf:1    | Noticed Wiynotta's ghost (adept OpAE)
 24758 | Elf:1    | Found a runed translucent gate.
 24758 | Elf:1    | Found a runed translucent gate.
 24758 | Elf:1    | Found a runed translucent gate.
 24845 | Elf:1    | Reached skill level 1 in Shields
 24848 | Elf:1    | Noticed Frances
 24854 | Elf:1    | Killed Frances
 24983 | Elf:1    | Reached XP level 16. HP: 92/92 MP: 34/40
 25389 | Elf:1    | Offered knowledge of Freezing Cloud by Vehumet.
 25955 | Elf:2    | Found a huge runed translucent gate.
 25955 | Elf:2    | Found a huge runed translucent gate.
 25955 | Elf:2    | Found a huge runed translucent gate.
 25955 | Elf:2    | Found a huge runed translucent gate.
 25956 | Elf:2    | Found a huge runed translucent gate.
 26651 | Elf:3    | Identified the "Fiesaod"
 26651 | Elf:3    | Identified the "Wisi"
 26651 | IceCv    | Identified the of Faowewk
 26651 | Elf:3    | Entered Level 3 of the Elven Halls
 26674 | Elf:3    | Found a runed translucent door.
 26679 | Elf:3    | Noticed edsrzf's ghost (adept DsCK)
 26772 | Elf:3    | Reached skill level 5 in Shields
 26772 | Elf:3    | Found a frozen archway.
 26848 | IceCv    | Entered an ice cave
 26917 | IceCv    | Identified a scroll of acquirement
 27060 | IceCv    | Upgraded the game from 0.31-a0-914-g4c35d5e to
                  | 0.31-a0-920-g28cbb04
 27376 | IceCv    | Offered knowledge of Plasma Beam by Vehumet.
 27691 | Elf:1    | Found Vihage's Antique Weapon Boutique.
 28409 | Elf:3    | Found Ulyalyx's Distillery.
 28422 | Elf:3    | Bought a potion of heal wounds for 65 gold pieces
 28422 | Elf:3    | Bought a potion of magic for 104 gold pieces
 28954 | Elf:3    | Noticed a deep elf blademaster
 28957 | Elf:3    | Killed a deep elf blademaster
 28958 | Elf:3    | Noticed a deep elf master archer
 28969 | Elf:3    | Killed a deep elf master archer
 28980 | Elf:3    | Reached XP level 17. HP: 85/96 MP: 5/42
 29082 | Elf:3    | Identified the +3 plate armour of Ynerph {rN+ Regen+
                  | Stlth+}
 29082 | Elf:3    | Noticed a deep elf master archer
 29086 | Elf:3    | Killed a deep elf master archer
 29096 | Elf:3    | Identified the ring of Curiosity {rPois rC+ Int+6 Dex-3
                  | Stlth+}
 29417 | Elf:3    | Noticed a deep elf blademaster
 29421 | Elf:3    | Killed a deep elf blademaster
 29724 | Elf:3    | Found the +3 greatsling "Punk" {acid, rCorr}
 29732 | Elf:3    | Identified the staff "Qokaracu" {rPois rC+ Ice}
 29788 | Elf:3    | Identified the -2 cloak of Resourcefulness {Dex+3 SInv
                  | Stlth+}
 30013 | Orc:1    | Bought a potion of heal wounds for 75 gold pieces
 30013 | Orc:1    | Bought 2 potions of brilliance for 120 gold pieces
 30013 | Orc:1    | Bought a potion of brilliance for 60 gold pieces
 30013 | Orc:1    | Bought a potion of curing for 45 gold pieces
 30201 | Snake:1  | Entered Level 1 of the Snake Pit
 30216 | Snake:1  | Acquired the +9 staff of Olgreb {rPois∞}
 30216 | Snake:1  | Found the +9 staff of Olgreb {rPois∞}
 30432 | Snake:1  | Found a hide-covered altar of Uskayaw.
 30463 | Snake:1  | Found Uwnaehynk's Magic Scroll Emporium.
 30478 | Snake:1  | Bought a scroll of teleportation for 45 gold pieces
 30563 | Snake:1  | Reached skill level 1 in Armour
 30883 | Snake:2  | Reached ****** piety under Vehumet
 30949 | Snake:2  | Identified the scarf of Fiynumiobo {+Inv, -Tele rF+ Int+3
                  | SInv}
 31111 | Snake:3  | Offered knowledge of Lehudib's Crystal Spear by Vehumet.
 31847 | Snake:3  | Found Qiex's Assorted Antiques.
 31879 | Snake:3  | Found Dierua's Jewellery Boutique.
 31901 | Snake:3  | Bought a fine robe for 210 gold pieces
 31901 | Snake:3  | Identified the +0 robe "Hati Utim" {rElec rC++ rCorr} (You
                  | bought it in a shop on level 3 of the Snake Pit)
 31937 | Snake:3  | Noticed Aizul
 31947 | Snake:3  | Killed Aizul
 32012 | Snake:4  | Entered Level 4 of the Snake Pit
 32151 | Snake:4  | Found Hottycog's Self-Improvement Boutique.
 32159 | Snake:4  | Bought a manual of Shields for 1040 gold pieces
 32192 | Snake:4  | Reached XP level 18. HP: 99/101 MP: 28/44
 32375 | Snake:4  | Noticed Mara
 32381 | Snake:4  | Killed Mara
 32382 | Snake:4  | Reached skill level 1 in Necromancy
 32471 | Snake:4  | Offered knowledge of Lehudib's Crystal Spear by Vehumet.
 32471 | Snake:4  | Offered knowledge of Ignition by Vehumet.
 32843 | Snake:4  | Noticed Vashnia
 32846 | Snake:4  | Killed Vashnia
 32943 | Snake:4  | Got a serpentine rune of Zot
 33141 | Swamp:1  | Entered Level 1 of the Swamp
 33284 | Swamp:2  | Reached skill level 5 in Necromancy
 33538 | Swamp:4  | Entered Level 4 of the Swamp
 33619 | Swamp:2  | Learned a level 8 spell: Ignition
 33636 | Swamp:3  | Noticed Nikola
 33651 | Swamp:3  | Killed Nikola
 33707 | Swamp:4  | Reached skill level 10 in Shields
 33827 | Swamp:4  | Reached XP level 19. HP: 105/105 MP: 37/46
 34036 | Swamp:4  | Found a blossoming altar of Fedhas.
 34060 | Swamp:4  | Found a basalt altar of Yredelemnul.
 34072 | Swamp:4  | Got a decaying rune of Zot
 34182 | Zot:1    | Identified the "Unaho"
 34182 | Zot:1    | Identified the "Ovorchi"
 34182 | Zot:5    | Identified the "Coigride"
 34182 | Slime:1  | Entered Level 1 of the Pits of Slime
 34352 | Slime:5  | Identified the "Vofoc"
 34352 | Slime:5  | Identified the of Joazyoj
 34352 | Slime:5  | Entered Level 5 of the Pits of Slime
 34432 | Slime:5  | Noticed the Royal Jelly
 34436 | Slime:5  | Killed the Royal Jelly
 34486 | Slime:5  | Identified the ring of Curiosity {rC+ Dex+7}
 34529 | Slime:5  | Found the amulet of Vitality {RegenMP++ Regen++}
 34530 | Slime:5  | Gained mutation: Your body sometimes deteriorates upon
                  | taking damage. [a shining eye]
 34531 | Slime:5  | Gained mutation: You are clumsy. (Dex -2) [a shining eye]
 34561 | Slime:5  | Got a slimy rune of Zot
 34662 | Slime:5  | Identified the amulet of Yendor {Acrobat *Slow +Inv rCorr
                  | Slay+5}
 34728 | Slime:5  | Identified the +0 scale mail of Wu Jian {-Cast rElec Int-5
                  | Stlth+}
 34802 | Slime:5  | Lost mutation: You are clumsy. (Dex -2) [potion of
                  | mutation]
 34802 | Slime:5  | Lost mutation: Your body sometimes deteriorates upon taking
                  | damage. [potion of mutation]
 34802 | Slime:5  | Gained mutation: You passively map a small area around you.
                  | [potion of mutation]
 34802 | Slime:5  | Gained mutation: You have a pair of small horns on your
                  | head. [potion of mutation]
 34803 | Slime:5  | Lost mutation: You have a pair of small horns on your head.
                  | [potion of mutation]
 34803 | Slime:5  | Lost mutation: You passively map a small area around you.
                  | [potion of mutation]
 34803 | Slime:5  | Gained mutation: You have a pair of small horns on your
                  | head. [potion of mutation]
 34803 | Slime:5  | Gained mutation: Your magical capacity is low. (-10% MP)
                  | [potion of mutation]
 34803 | Slime:5  | Lost mutation: You have a pair of small horns on your head.
                  | [potion of mutation]
 34803 | Slime:5  | Gained mutation: You have supernaturally acute eyesight.
                  | (SInv) [potion of mutation]
 34820 | Slime:5  | Lost mutation: Your magical capacity is low. (-10% MP)
                  | [potion of mutation]
 34820 | Slime:5  | Lost mutation: You have supernaturally acute eyesight.
                  | (SInv) [potion of mutation]
 34820 | Slime:5  | Gained mutation: Your flesh is heat resistant. (rF+)
                  | [potion of mutation]
 34820 | Slime:5  | Gained mutation: Your flesh is very heat resistant. (rF++)
                  | [potion of mutation]
 34981 | D:13     | Learned a level 8 spell: Lehudib's Crystal Spear
 34991 | D:13     | Learned a level 9 spell: Shatter
 35084 | Vaults:1 | Entered Level 1 of the Vaults
 35136 | Vaults:1 | Found Paeqiq's Book Shop.
 35224 | Vaults:1 | Reached XP level 20. HP: 115/115 MP: 48/48
 35476 | Vaults:2 | Found a portal to a secret trove of treasure.
 35548 | Vaults:3 | Found a transporter.
 36084 | Vaults:4 | Reached skill level 10 in Fighting
 36181 | Vaults:5 | Entered Level 5 of the Vaults
 36221 | Vaults:5 | Reached XP level 21. HP: 122/122 MP: 43/50
 36231 | Vaults:5 | Reached skill level 5 in Armour
 36236 | Vaults:5 | Reached skill level 5 in Shapeshifting
 36260 | Vaults:5 | Identified the +0 chain mail of the Lich-sworn {Rampage rF-
                  | Int+3 SInv}
 36263 | Vaults:5 | Noticed an ancient lich
 36265 | Vaults:5 | Killed an ancient lich
 36269 | Vaults:5 | Noticed an ancient lich
 36272 | Vaults:5 | Killed an ancient lich
 36321 | Vaults:5 | Noticed a golden dragon
 36322 | Vaults:5 | Killed a golden dragon
 36333 | Vaults:5 | Identified the +7 spear of Floral Cruel Justice {elec, Fly
                  | Stlth+}
 36610 | Vaults:5 | Identified the +0 pair of gloves of the Mind {Drain rElec
                  | Will+ SInv}
 36644 | Vaults:5 | Identified the +3 broad axe of Eternal Vigilance {distort,
                  | Str+2 Int+3}
 36703 | Vaults:5 | Identified the amulet of Makhleb's Pride {Faith rPois rC+}
 36760 | Vaults:5 | Found the dreamshard necklace {Acrobat *Dream}
 36968 | Vaults:5 | Got a silver rune of Zot
 36970 | Vaults:5 | Identified the +0 ring mail "Vopemopo" {+Inv rElec rC+
                  | Will+}
 36981 | Vaults:5 | Identified the +0 chain mail of the Wumpus {Dex+7}
 37507 | Snake:4  | Bought a manual of Conjurations for 1040 gold pieces
 37812 | Depths:1 | Entered Level 1 of the Depths
 37831 | Depths:1 | Found an opulent altar of Gozag.
 37903 | Depths:1 | Reached skill level 10 in Dodging
 37935 | Depths:1 | Reached XP level 22. HP: 130/130 MP: 32/52
 38054 | Depths:1 | Found a gateway to Hell.
 38121 | Depths:2 | Found a one-way gate leading to the halls of Pandemonium.
 38162 | Depths:2 | Reached skill level 10 in Shapeshifting
 38169 | Depths:2 | Found a one-way gateway to a ziggurat.
 38227 | Depths:2 | Found a magical portal.
 38232 | WizLab   | Entered Eringya's Formal Garden
 38350 | WizLab   | Found a blossoming altar of Fedhas.
 39029 | Depths:3 | Identified the +1 chain mail of the Sky {+Inv rPois Int+4}
 39296 | Depths:2 | Reached skill level 1 in Earth Magic
 39344 | Depths:4 | Entered Level 4 of the Depths
 39555 | Depths:4 | Reached XP level 23. HP: 124/136 MP: 44/54
 39622 | Depths:4 | Reached skill level 5 in Earth Magic
 39770 | Depths:4 | Reached skill level 15 in Shapeshifting
 39878 | Depths:4 | Found a gate to the Realm of Zot.
 40308 | Coc:7    | Identified the "Weliohud"
 40308 | Zig:1    | Entered Level 1 of a ziggurat
 40326 | Zig:2    | Entered Level 2 of a ziggurat
 40385 | Zig:3    | Entered Level 3 of a ziggurat
 40404 | Zig:3    | Identified the +8 dagger "Starlight" {pain, *Corrode Fly
                  | Dex+3}
 40407 | Zig:4    | Entered Level 4 of a ziggurat
 40424 | Zig:4    | Identified the +5 ring mail "Antiwn" {*Corrode Int+4
                  | Stlth+}
 40437 | Zig:5    | Entered Level 5 of a ziggurat
 40461 | Zig:5    | Identified the +0 halberd "Raqoz" {vamp, Fragile rF+ rN+
                  | Stlth+}
 40469 | Zig:6    | Entered Level 6 of a ziggurat
 40473 | Zig:6    | Noticed an ancient lich
 40473 | Zig:6    | Noticed an ancient lich
 40473 | Zig:6    | Noticed a dread lich
 40475 | Zig:6    | Killed an ancient lich
 40475 | Zig:6    | Killed a dread lich
 40476 | Zig:6    | Killed an ancient lich
 40488 | Zig:6    | Identified the amulet of Xom's Fair Game {Reflect *Slow
                  | rF+++ Will++ SH+5}
 40495 | Zig:6    | Identified the staff of Mourning {rElec rPois rF+ Air}
 40499 | Zig:7    | Entered Level 7 of a ziggurat
 40549 | Zig:8    | Entered Level 8 of a ziggurat
 40580 | Zig:8    | Identified the +1 ring mail "Cenwicsu" {+Blink}
 40588 | Zig:9    | Entered Level 9 of a ziggurat
 40599 | Zig:9    | Noticed Hulagis the pandemonium lord
 40604 | Zig:9    | Killed Hulagis the pandemonium lord
 40617 | Zig:9    | Identified the +5 battleaxe of Uzyrr {flame, rPois rC- rN+
                  | Dex+3}
 40625 | Zig:9    | Reached XP level 24. HP: 142/142 MP: 54/54
 40659 | Zig:10   | Entered Level 10 of a ziggurat
 40668 | Zig:10   | Noticed a dread lich
 40668 | Zig:10   | Noticed an ancient lich
 40670 | Zig:10   | Killed a dread lich
 40671 | Zig:10   | Reached XP level 25. HP: 147/147 MP: 54/54
 40671 | Zig:10   | Killed a dread lich
 40671 | Zig:10   | Killed an ancient lich
 40685 | Zig:10   | Identified the +7 scimitar "Eniaddy" {drain, +Blink Str+2}
 40690 | Zig:10   | Identified the +9 rapier of Wofisol {freeze, Fragile rElec
                  | rN++ Int+3}
 40693 | Zig:10   | Identified the +1 chain mail "Enocso" {Slay+2}
 40700 | Zig:10   | Identified the amulet of the Everdark {Regen+ Dex-3 SInv
                  | Stlth+}
 40704 | Zig:11   | Identified the "Guerchaf"
 40704 | Zig:11   | Entered Level 11 of a ziggurat
 40757 | Zig:12   | Entered Level 12 of a ziggurat
 40768 | Zig:12   | Noticed a Killer Klown
 40769 | Zig:12   | Noticed a Killer Klown
 40770 | Zig:12   | Noticed Ituw Visk the pandemonium lord
 40770 | Zig:12   | Killed a Killer Klown
 40771 | Zig:12   | Killed Ituw Visk the pandemonium lord
 40771 | Zig:12   | Killed a Killer Klown
 40773 | Zig:12   | Killed a Killer Klown
 40774 | Zig:12   | Noticed Rywki the pandemonium lord
 40777 | Zig:12   | Killed Rywki the pandemonium lord
 40781 | Zig:12   | Found the amulet of Elemental Vulnerability {rPois rF--
                  | rC-- AC+8}
 40785 | Zig:12   | Identified the +4 dagger "Newtbane" {freeze, rElec}
 40794 | Zig:12   | Identified the ring of Gagg {rPois Dex+6}
 40834 | Zig:13   | Identified the "Tailakix"
 40834 | Zig:13   | Entered Level 13 of a ziggurat
 40875 | Zig:13   | Identified the ring of Owkic {rElec AC+4}
 40886 | Zig:13   | Identified the ring "Leptoyc" {MP+9 Int+3}
 40903 | Zig:14   | Entered Level 14 of a ziggurat
 40953 | Zig:14   | Identified the ring of Lust {Fire rElec rPois Int+3}
 40965 | Zig:14   | Reached XP level 26. HP: 152/152 MP: 54/54
 40984 | Zig:15   | Entered Level 15 of a ziggurat
 41036 | Zig:15   | Reached skill level 10 in Earth Magic
 41036 | Zig:15   | Reached XP level 27. HP: 157/157 MP: 54/54
 41048 | Zig:15   | Identified the +2 scale mail "Ecvuigea" {Will+ Slay+3}
 41062 | Zig:16   | Entered Level 16 of a ziggurat
 41120 | Zig:16   | Identified the +2 pair of boots "Ficiga" {rF++ Dex-2}
 41147 | Zig:17   | Entered Level 17 of a ziggurat
 41169 | Zig:17   | Reached skill level 15 in Earth Magic
 41187 | Zig:17   | Identified the staff "Qeodgh" {rN+ SInv Necro}
 41207 | Zig:17   | Identified the amulet of Osoemise {Rampage Regen+ Str+4}
 41216 | Zig:18   | Identified the "Qeyw Vasch"
 41216 | Zig:18   | Identified the of Huemucic
 41216 | Zig:18   | Entered Level 18 of a ziggurat
 41274 | Zig:18   | Identified the +6 flail of Blood {antimagic, rElec rN+
                  | Will+}
 41281 | Zig:18   | Identified the staff of Purpose {rElec Int+7 Stlth- Air}
 41287 | Zig:18   | Identified the amulet "Ybejadwe" {Reflect rPois rF- Str+4
                  | SH+5}
 41288 | Zig:18   | Identified the +11 dagger of the Heavens {freeze, rF++
                  | rC++}
 41292 | Zig:19   | Entered Level 19 of a ziggurat
 41316 | Zig:19   | Killed Pachoyf the pandemonium lord
 41349 | Zig:19   | Identified the +8 sling "Rarghorus" {flame, rF- rN+ Will+
                  | Str+3}
 41400 | Zig:20   | Entered Level 20 of a ziggurat
 41440 | Zig:20   | Noticed a dread lich
 41441 | Zig:20   | Killed a dread lich
 41477 | Zig:20   | Identified the ring of Vossul {rPois rF++ MP+9 Str+6
                  | Slay-3}
 41485 | Zig:20   | Identified the +1 ring mail "Yfiuno" {Regen+ Str+4 Stlth-}
 41493 | Zig:20   | Identified the +9 quarterstaff of the Puffball {vamp,
                  | rPois}
 41494 | Zig:20   | Identified the +1 hand axe of Cruel Justice {flame, rF+++
                  | rC- rCorr Int-5}
 41495 | Zig:20   | Identified the +9 longbow "Dilin" {antimagic, rElec}
 41514 | Zig:20   | Identified the ring of Hechuit {Wiz Int+3 Dex+4}
 41523 | Zig:21   | Identified the of Witirchy
 41523 | Zig:21   | Entered Level 21 of a ziggurat
 41567 | Zig:21   | Identified the +10 short sword "Zyeloagoi" {flame, rF+
                  | Str+2}
 41606 | Zig:22   | Entered Level 22 of a ziggurat
 41669 | Zig:22   | Reached skill level 15 in Fighting
 41680 | Zig:22   | Learned a level 9 spell: Chain Lightning
 41680 | Zig:22   | Identified the staff "Ykoufunee" {+Blink rElec Str-4 Int+2
                  | Air}
 41684 | Zig:22   | Identified the ring of the Ant {Fire rPois Will++ Str-3
                  | SInv}
 41689 | Zig:22   | Identified the +1 flail "Keohugho" {vamp, *Slow rN+ Int+5}
 41695 | Zig:22   | Identified the +2 crystal plate armour "Kymoquen" {rPois
                  | Regen+ Int+6 Stlth-}
 41706 | Zig:22   | Identified the ring "Meereid" {Will+ Str+3}
 41709 | Zig:22   | Identified the +7 long sword "Ruqurphal" {heavy, rElec rC+
                  | Dex+7}
 41718 | Zig:22   | Acquired the +5 kite shield of Midwinter {Will++}
 41722 | Zig:23   | Entered Level 23 of a ziggurat
 41748 | Zig:23   | Reached skill level 1 in Air Magic
 41788 | Zig:23   | Identified the +0 arbalest "Concordance" {speed, Dex+4}
 41802 | Zig:23   | Identified the +1 plate armour of Qaw Wean {Str+5 Dex+2
                  | Stlth+}
 41813 | Zig:23   | Identified the +3 robe of the Orb Guardian {*Slow +Blink
                  | Str+5 Dex-5}
 41816 | Zig:23   | Identified the staff "Luec" {+Blink rF+ rN+ Fire}
 41822 | Zig:23   | Identified the +1 pair of boots of Serendipity {rElec rC+
                  | Int+3}
 41852 | Zig:24   | Identified the of Elifro
 41852 | Zig:24   | Identified the "Mebyddet"
 41852 | Zig:24   | Identified the "Eqyrr"
 41852 | Zig:24   | Entered Level 24 of a ziggurat
 41873 | Zig:24   | Reached skill level 5 in Air Magic
 41920 | Zig:24   | Found the +3 hat of Pondering {ponderous, Will+ MP+10
                  | Int+5}
 41930 | Zig:24   | Identified the +1 leather armour of the Watchman {rF+ rCorr
                  | Slay+2}
 41956 | Zig:24   | Identified the +7 quarterstaff of Festooned Judgement
                  | {drain, SInv}
 41982 | Zig:25   | Identified the "Koaludaj"
 41982 | Zig:25   | Identified the "Syruenn"
 41982 | Zig:25   | Entered Level 25 of a ziggurat
 42019 | Zig:25   | Reached skill level 10 in Air Magic
 42040 | Zig:25   | Found the ring of the Octopus King
 42051 | Zig:25   | Identified the +1 scale mail of the Wilderness {Str+3}
 42052 | Zig:25   | Identified a ring of the Octopus King {rC+ HP+2 AC+2 EV+2
                  | SH+2}
 42057 | Zig:25   | Identified the +2 hand axe "Embalmer" {flame, rPois Will++
                  | Dex+2}
 42094 | Zig:26   | Identified the "Vysaemi"
 42094 | Zig:26   | Entered Level 26 of a ziggurat
 42138 | Zig:26   | Reached skill level 15 in Air Magic
 42148 | Zig:26   | Found the +2 shield of Resistance {rF++ rC++ Will++}
 42151 | Zig:26   | Found the +27 heavy crossbow "Sniper" {heavy, Acc+∞ SInv}
 42160 | Zig:26   | Identified the ring "Diaph" {Fire +Blink MP+9 Int+2}
 42186 | Zig:26   | Identified the amulet "Pagydann" {Harm rC+ Regen+}
 42212 | Zig:26   | Identified the ring "Sonivi" {Contam Will+ Str+2 Int+6
                  | Stlth+}
 42274 | Zig:27   | Identified the of Gizaamm
 42274 | Zig:27   | Identified the "Wiecsenk"
 42274 | Zig:27   | Entered Level 27 of a ziggurat
 42291 | Zig:27   | Noticed Macroff Vufa the pandemonium lord
 42292 | Zig:27   | Noticed Paticzib the pandemonium lord
 42294 | Zig:27   | Killed Macroff Vufa the pandemonium lord
 42296 | Zig:27   | Noticed Ydopicw the pandemonium lord
 42296 | Zig:27   | Noticed Plog the pandemonium lord
 42297 | Zig:27   | Killed Ydopicw the pandemonium lord
 42298 | Zig:27   | Killed Plog the pandemonium lord
 42299 | Zig:27   | Noticed Himoisif the pandemonium lord
 42300 | Zig:27   | Noticed Erphuh the pandemonium lord
 42300 | Zig:27   | Noticed Binly the pandemonium lord
 42300 | Zig:27   | Noticed Juxkoly the pandemonium lord
 42303 | Zig:27   | Killed Paticzib the pandemonium lord
 42309 | Zig:27   | Noticed Keoppyifi the pandemonium lord
 42310 | Zig:27   | Killed Himoisif the pandemonium lord
 42310 | Zig:27   | Killed Keoppyifi the pandemonium lord
 42313 | Zig:27   | Killed Juxkoly the pandemonium lord
 42313 | Zig:27   | Noticed Udea the pandemonium lord
 42315 | Zig:27   | Noticed Lajom the pandemonium lord
 42321 | Zig:27   | Noticed Pewn the pandemonium lord
 42321 | Zig:27   | Noticed Leton the pandemonium lord
 42576 | Vaults:2 | You paid a toll of +3 gold dragon scales to enter a
                  | treasure trove
 42577 | Trove    | Entered a treasure trove
 42582 | Trove    | Identified the ring of Incredulity {rN+ MP+9 Int+5 Dex+3}
 42601 | Trove    | Identified the ring "Pyhiphem" {+Blink Will+ Int+3}
 42619 | Trove    | Identified the +0 helmet of Myizaff Itin {Rampage rPois
                  | rCorr}
 42682 | Vaults:3 | Found a staircase to the Crypt.
 42705 | Crypt:1  | Entered Level 1 of the Crypt
 42738 | Crypt:1  | Noticed Frederick
 42742 | Crypt:1  | Killed Frederick
 43087 | Crypt:3  | Entered Level 3 of the Crypt
 43140 | Crypt:3  | Noticed Xenat's ghost (veteran MiGl)
 43147 | Crypt:3  | Found a runed translucent door.
 43174 | Crypt:3  | Killed Xenat's ghost
 43188 | Crypt:3  | Identified the +1 hat of Tender Moments {Regen+ Str+6}
 43212 | Crypt:3  | Noticed Zenata
 43228 | Crypt:3  | Killed Zenata
 43333 | Crypt:3  | Noticed a dread lich
 43335 | Crypt:3  | Killed a dread lich
 43339 | Crypt:3  | Found a staircase to the Tomb.
 43455 | Crypt:3  | Found a basalt altar of Yredelemnul.
 43457 | Crypt:3  | Found an ancient bone altar of Kikubaaqudgha.
 43492 | Crypt:3  | Identified the ring of Mioste Ivofi {rElec rN+}
 43492 | Crypt:3  | Identified the ring "Etighu" {rN+ Str+4}
 43500 | Crypt:3  | Identified the +6 rapier of Bellicose Offence {flame, rElec
                  | rPois rC+}
 43521 | Crypt:3  | Identified the amulet of the Grand Sultana {Acrobat Fragile
                  | Int+3 Stlth+}
 43577 | Tomb:1   | Entered Level 1 of the Tomb of the Ancients
 43614 | Tomb:1   | Noticed a royal mummy
 43616 | Tomb:1   | Noticed a royal mummy
 43617 | Tomb:1   | Killed a royal mummy
 43619 | Tomb:1   | Noticed a royal mummy
 43620 | Tomb:1   | Killed a royal mummy
 43623 | Tomb:1   | Noticed a royal mummy
 43625 | Tomb:1   | Killed a royal mummy
 43626 | Tomb:1   | Killed a royal mummy
 43630 | Tomb:1   | Noticed a royal mummy
 43633 | Tomb:1   | Killed a royal mummy
 43661 | Tomb:1   | Noticed a royal mummy
 43665 | Tomb:1   | Killed a royal mummy
 43670 | Tomb:1   | Noticed a royal mummy
 43672 | Tomb:1   | Killed a royal mummy
 43724 | Tomb:1   | Noticed a royal mummy
 43727 | Tomb:1   | Killed a royal mummy
 43818 | Tomb:1   | Noticed a royal mummy
 43819 | Tomb:1   | Noticed a royal mummy
 43821 | Tomb:1   | Killed a royal mummy
 43821 | Tomb:1   | Killed a royal mummy
 43821 | Tomb:1   | Noticed a royal mummy
 43824 | Tomb:1   | Killed a royal mummy
 43825 | Tomb:1   | Noticed a royal mummy
 43830 | Tomb:1   | Killed a royal mummy
 43843 | Tomb:1   | Noticed a royal mummy
 43847 | Tomb:1   | Killed a royal mummy
 43889 | Tomb:1   | Noticed a royal mummy
 43892 | Tomb:1   | Killed a royal mummy
 43893 | Tomb:1   | Noticed a royal mummy
 43898 | Tomb:1   | Killed a royal mummy
 44038 | Tomb:3   | Entered Level 3 of the Tomb of the Ancients
 44050 | Tomb:3   | Noticed a royal mummy
 44052 | Tomb:3   | Noticed a royal mummy
 44056 | Tomb:3   | Killed a royal mummy
 44059 | Tomb:3   | Killed a royal mummy
 44059 | Tomb:3   | Noticed a royal mummy
 44063 | Tomb:3   | Killed a royal mummy
 44065 | Tomb:3   | Noticed a royal mummy
 44069 | Tomb:3   | Killed a royal mummy
 44092 | Tomb:3   | Noticed a royal mummy
 44093 | Tomb:3   | Noticed a royal mummy
 44096 | Tomb:3   | Killed a royal mummy
 44097 | Tomb:3   | Killed a royal mummy
 44100 | Tomb:3   | Noticed a royal mummy
 44103 | Tomb:3   | Killed a royal mummy
 44113 | Tomb:3   | Got a golden rune of Zot
 44136 | Tomb:3   | Noticed a royal mummy
 44141 | Tomb:3   | Killed a royal mummy
 44176 | Tomb:3   | Identified the ring of Cynicism {Fly rElec Dex+3}
 44186 | Tomb:3   | Identified the staff of Rotation {Drain rPois rN++ Int+3
                  | Poison}
 44193 | Tomb:3   | Identified the amulet "Zuoqoh" {rF+ Regen+}
 44245 | Tomb:3   | Identified the amulet of Zaopyh {rElec rC+ Regen+ Str+4}
 44247 | Tomb:3   | Identified the +0 robe "Xufocae" {*Slow rElec Str+2}
 44723 | Pan      | Entered Pandemonium
 44766 | Pan      | Noticed Orasol the pandemonium lord
 44770 | Pan      | Killed Orasol the pandemonium lord
 44779 | Pan      | Identified the staff "Vedi" {rF+ Earth}
 44781 | Pan      | Identified the "Sumuwug"
 44781 | Pan      | Identified the "Fopes"
 44781 | Pan      | Identified the "Fynogig"
 44781 | Pan      | Entered the realm of Cerebov.
 44870 | Pan      | Identified the +8 chain mail of Rockinuh {rC+ SInv}
 44888 | Pan      | Identified the ring of Wyfiucro {*Corrode rElec rPois rN+}
 44892 | Pan      | Identified the +7 war axe of the Sandy God {freeze, rC-
                  | Will+ rCorr}
 44964 | Pan      | Identified the +6 short sword "Igatwuif" {heavy, rElec MP+9
                  | Int+5}
 44967 | Pan      | Identified the +1 morningstar of Hoyschif {spect, Str+2
                  | Int+4}
 45040 | Pan      | Found the +6 sword of Cerebov {flame}
 45040 | Pan      | Noticed Cerebov
 45158 | Pan      | Killed Cerebov
 45232 | Pan      | Got a fiery rune of Zot
 45721 | Pan      | Found an exit through the horrors of the Abyss.
 45785 | Pan      | Noticed Maoruam the pandemonium lord
 45851 | Pan      | Identified the of Kenurubb
 45874 | Pan      | Noticed Ureggaich the pandemonium lord
 45877 | Pan      | Killed Ureggaich the pandemonium lord
 46030 | Pan      | Got a demonic rune of Zot
 46039 | Pan      | Entered the realm of Lom Lobon.
 46039 | Pan      | Noticed Lom Lobon
 46047 | Pan      | Killed Lom Lobon
 46105 | Pan      | Got a magical rune of Zot
 46498 | Pan      | Noticed Taxowa the pandemonium lord
 46504 | Pan      | Entered the realm of Mnoleg.
 46505 | Pan      | Noticed Mnoleg
 46511 | Pan      | Killed Mnoleg
 46537 | Pan      | Got a glowing rune of Zot
 46579 | Pan      | Entered the realm of Gloorx Vloq.
 46687 | Pan      | Noticed Gloorx Vloq
 46691 | Pan      | Killed Gloorx Vloq
 46710 | Pan      | Got a dark rune of Zot
 46850 | Pan      | Found an exit through the horrors of the Abyss.
 46859 | Pan      | Took an exit into the Abyss.
 46859 | Abyss:1  | Escaped into the Abyss
 47215 | Abyss:3  | Got an abyssal rune of Zot
 47233 | Depths:2 | Escaped the Abyss
 47269 | Hell     | Entered the Vestibule of Hell
 47272 | Hell     | Noticed Geryon
 47276 | Hell     | Killed Geryon
 47316 | Hell     | Found a gateway to the freezing wastes of Cocytus.
 47339 | Coc:1    | Entered Level 1 of Cocytus
 47388 | Coc:2    | Noticed an ancient lich
 47395 | Coc:2    | Killed an ancient lich
 47461 | Coc:3    | Learned a level 1 spell: Apportation
 47527 | Coc:5    | Reached skill level 27 in Spellcasting
 47587 | Coc:6    | Noticed an ancient lich
 47592 | Coc:6    | Killed an ancient lich
 47619 | Coc:7    | Entered Level 7 of Cocytus
 47670 | Coc:7    | Reached skill level 10 in Armour
 47750 | Coc:7    | Found the +3 pair of seven-league boots {Rampage+∞}
 47764 | Coc:7    | Paralysed by a wendigo for 1 turns
 47768 | Coc:7    | Reached skill level 15 in Dodging
 47806 | Coc:7    | Noticed Antaeus
 47815 | Coc:7    | Killed Antaeus
 47834 | Coc:7    | Got an icy rune of Zot
 48019 | Hell     | Found a gateway to the Iron City of Dis.
 48030 | Dis:1    | Entered Level 1 of the Iron City of Dis
 48170 | Dis:5    | Reached skill level 5 in Stealth
 48372 | Dis:6    | Reached skill level 10 in Stealth
 48386 | Dis:7    | Entered Level 7 of the Iron City of Dis
 48523 | Dis:7    | Noticed the Serpent of Hell
 48527 | Dis:7    | Killed the Serpent of Hell
 48638 | Dis:7    | Noticed a juggernaut
 48641 | Dis:7    | Killed a juggernaut
 48668 | Dis:7    | Identified the +5 long sword "Paeczief" {antimagic, Int+4
                  | Dex+4}
 48890 | Dis:7    | Noticed a juggernaut
 48894 | Dis:7    | Killed a juggernaut
 48900 | Dis:7    | Noticed Dispater
 48908 | Dis:7    | Killed Dispater
 48922 | Dis:7    | Got an iron rune of Zot
 49034 | Hell     | Found a gateway to the ashen valley of Gehenna.
 49044 | Geh:1    | Entered Level 1 of Gehenna
 49073 | Geh:1    | You are sucked into a shaft and drop 1 floor!
 49073 | Geh:2    | Noticed an ancient lich
 49073 | Geh:2    | Noticed an ancient lich
 49074 | Geh:2    | Killed an ancient lich
 49076 | Geh:2    | Killed an ancient lich
 49078 | Geh:2    | Reached skill level 15 in Stealth
 49145 | Geh:3    | Reached skill level 15 in Shields
 49290 | Geh:5    | Reached skill level 1 in Ice Magic
 49357 | Geh:7    | Entered Level 7 of Gehenna
 49661 | Geh:7    | Found the +13 sceptre of Asmodeus
 49661 | Geh:7    | Noticed Asmodeus
 49672 | Geh:7    | Killed Asmodeus
 49687 | Geh:7    | Got an obsidian rune of Zot
 49784 | Hell     | Found a gateway to the decaying netherworld of Tartarus.
 49807 | Tar:1    | Entered Level 1 of Tartarus
 49810 | Tar:1    | Reached skill level 1 in Long Blades
 49822 | Tar:1    | Noticed a juggernaut
 49824 | Tar:1    | Killed a juggernaut
 49828 | Tar:1    | Reached skill level 5 in Long Blades
 49996 | Tar:5    | Reached skill level 10 in Long Blades
 50066 | Tar:7    | Entered Level 7 of Tartarus
 50237 | Tar:7    | Got a bone rune of Zot
 50353 | Zot:1    | Entered Level 1 of the Realm of Zot
 50420 | Zot:1    | Noticed an orb of fire
 50429 | Zot:1    | Killed an orb of fire
 50693 | Zot:2    | Reached skill level 5 in Ice Magic
 50733 | Zot:3    | Identified the ring "Wireawask" {Ice Str+4 Int+5 SInv}
 50733 | Zot:3    | Noticed Josephina
 50736 | Zot:3    | Killed Josephina
 50760 | Zot:3    | Found the +4 dragonskin cloak
 50760 | Zot:3    | Noticed Tiamat
 50767 | Zot:3    | Killed Tiamat
 51041 | Zot:3    | Noticed an orb of fire
 51046 | Zot:3    | Killed an orb of fire
 51229 | Zot:5    | Entered Level 5 of the Realm of Zot
 51282 | Zot:5    | Reached skill level 27 in Fighting
 51394 | Zot:5    | Reached skill level 10 in Ice Magic
 51431 | Zot:5    | Noticed a dread lich
 51434 | Zot:5    | Killed a dread lich
 51435 | Zot:5    | Reached skill level 15 in Armour
 51462 | Zot:5    | Noticed a dread lich
 51466 | Zot:5    | Killed a dread lich
 51498 | Zot:5    | Noticed an ancient lich
 51499 | Zot:5    | Noticed an orb of fire
 51501 | Zot:5    | Killed an ancient lich
 51503 | Zot:5    | Killed an orb of fire
 51507 | Zot:5    | Noticed an orb of fire
 51509 | Zot:5    | Noticed an orb of fire
 51511 | Zot:5    | Killed an orb of fire
 51511 | Zot:5    | Noticed an orb of fire
 51512 | Zot:5    | Noticed an orb of fire
 51513 | Zot:5    | Killed an orb of fire
 51514 | Zot:5    | Noticed an orb of fire
 51515 | Zot:5    | Killed an orb of fire
 51516 | Zot:5    | Killed an orb of fire
 51519 | Zot:5    | Killed an orb of fire
 51523 | Zot:5    | Noticed an orb of fire
 51523 | Zot:5    | Noticed an orb of fire
 51528 | Zot:5    | Killed an orb of fire
 51529 | Zot:5    | Noticed an orb of fire
 51530 | Zot:5    | Killed an orb of fire
 51542 | Zot:5    | Killed an orb of fire
 51704 | Zot:5    | Got the Orb of Zot
 51780 | Zot:5    | Noticed Suobluf the pandemonium lord
 52156 | D:11     | Noticed Peozablu the pandemonium lord
 52178 | D:9      | Noticed Puits the pandemonium lord
 52180 | D:9      | Killed Puits the pandemonium lord
 52214 | D:6      | Noticed Dom Ryh the pandemonium lord
 52337 | D:$      | Escaped with the Orb!

Illustrated notes

Levels and vault maps discovered:
D:1:      elethiomel_arrival_infinity_welcomes_careful_drivers, layout_basic,
          hangedman_decor_lopped
D:2:      layout_basic
D:3:      layout_rooms, minmay_misc_feat_hallway, uniq_sigmund, uniq_terence
D:4:      layout_basic
D:5:      layout_cave_pools, nicolae_shop_fire_sale [nicolae_sub_dead_trees],
          nicolae_houndstooth_variations, uniq_menkaure
D:6:      layout_basic
D:7:      layout_cave_pools, minmay_temple_entry_grid, uniq_maggie
D:8:      layout_basic, amcnicky_altar_gilded, chequers_mini_garden, uniq_erica
D:9:      layout_rooms, hellmonk_guarded_unrand_cigotuvi
D:10:     minmay_the_grid_triangle_9x9_rhombus_thin_mashed
          [minmay_the_grid_triangle_9x9_sprig,
          minmay_the_grid_triangle_9x9_prize_special,
          minmay_the_grid_triangle_9x9_corrupted_corridor,
          minmay_the_grid_triangle_9x9_impossible_snake], layout_rooms,
          gammafunk_temple_overflow_elements, lair_entry_dummy, orc_0_dummy,
          serial_shops, shop, uniq_erolcha
D:11:     layout_roguey
D:12:     layout_roguey [special_room_orc], serial_shops, nicolae_square_shop,
          uniq_nergalle
D:13:     layout_small_grid, gammafunk_ghost_abyssal_escape, uniq_kirke
D:14:     layout_basic, david_vaults_4, gauntlet_entry_generic,
          nicolae_benzene_ring, serial_shops, shop
D:15:     gammafunk_enter_depths_forms, layout_gridville, serial_bayou_pond_d,
          guppyfry_shop_earth, uniq_roxanne
Temple:   nicolae_temple_bog_church
Lair:1:   layout_gridlike, st_stairs_4, uniq_amaemon
Lair:2:   layout_cave_pods, uniq_gastronok
Lair:3:   beargit_carnivore_pack, layout_cellular_growth, swamp_mist,
          guppyfry_snake_entry_island, ebering_ghost_inner_flame
Lair:4:   layout_long_grid, minmay_slime_entry_jelly_boxes, grunt_megastairs_2,
          infiniplex_staircase_pool_2, serial_bayou_shore_b, lemuel_fruit_tree,
          uniq_rupert
Lair:5:   grunt_lair_end_beastmaster, layout_hall_layers, grunt_megastairs_3
Swamp:1:  layout_falls_marsh, evilmike_swamp_ruin_wall, swamp_pool1,
          st_swamp_mini
Swamp:2:  layout_basic_swamp, hangedman_swamp_blocks
Swamp:3:  layout_basic_swamp, hangedman_swamp_ruin_wall, uniq_nikola
Swamp:4:  byrel_swamp_growth_death_and_undeath, layout_basic_swamp, swamp_pool2
Snake:1:  layout_misc_corridors, serial_shops, shop_statue, basic_altar
Snake:2:  layout_layer_cave
Snake:3:  layout_rooms, serial_bayou_shore_b, minmay_shoptagon, uniq_aizul
Snake:4:  grunt_snake_rune_serpentine_throne, layout_gridlike,
          nicolae_shop_self_help, uniq_mara
Slime:1:  layout_caves
Slime:2:  layout_caves, uniq_dissolution
Slime:3:  layout_caves
Slime:4:  layout_caves, basic_altar
Slime:5:  slime_pit_nicolae_inversion
Orc:1:    layout_diamond_mine, serial_shops, nicolae_shop_statue_plus,
          trog_butcher_becter
Orc:2:    grunt_orc_tribal_feast, layout_caves
Elf:1:    minmay_elf_arrival_circle, layout_geoelf_grid, serial_shops,
          nicolae_shop_real_fake_doors, gammafunk_ghost_split,
          minmay_elf_sorcery, dreamdust_mushroom_princess, minivault_5,
          uniq_frances
Elf:2:    elven_hall_of_blades_hangedman_alternative
          [nicolae_blade_entry_floor_patterns], layout_gridlike
Elf:3:    grunt_elf_hall_asides, layout_geoelf_castle,
          portal_ice_cave_entry_frozen_things, ebering_ghost_reflecting_pool,
          serial_shops, nicolae_shop_hallway_stairs
Vaults:1: nicolae_vaults_network_star, nicolae_vaults_variable_pillar_hall,
          nicolae_vaults_layer_cake_slice, nicolae_vaults_apartment_2,
          nicolae_vaults_tetromino_T_1, nicolae_vaults_apartment_1,
          nicolae_vaults_surprise_closet_hard, layout_vaults_omnigrid,
          serial_shops, nicolae_shop_tiny_glass
Vaults:2: v_rooms_2, v_misc_22, nicolae_vaults_storage_closets_1, v_misc_15,
          v_misc_27, v_misc_28, hangedman_vaults_restitches, v_misc_15,
          nicolae_vaults_tangram_1, v_misc_23,
          nicolae_vaults_offset_grid_hallway_3, nicolae_vaults_tetromino_L_2,
          layout_vaults_big_cross, nicolae_trove_entry_free_sample
Vaults:3: nzn_ghost_randoct, hangedman_vaults_cutoff,
          minmay_crypt_entry_simple_plaza, vaults_mumra_chevron,
          ontoclasm_vaults_fault, vaults_room_ringed_pool, v_misc_5,
          layout_vaults_chaotic_city
Vaults:4: vaults_mumra_chevron_long, nicolae_vaults_ellipses_ellipsis,
          nicolae_vaults_disjoint_gnomons, nicolae_vaults_lightning_bolt,
          nicolae_vaults_network_barrier, nicolae_vaults_little_squares_5,
          ontoclasm_vaults_idyll, nicolae_vaults_more_shelving_2, v_misc_25,
          vaults_mumra_hex, nicolae_vaults_tetromino_L_2,
          nicolae_vaults_closet_pinwheel_1, layout_vaults_maze_bifur
Vaults:5
Crypt:1:  layout_gridlike, chequers_big_river, uniq_frederick, uniq_margery
Crypt:2:  layout_misc_corridors, grunt_megastairs_1
Crypt:3:  lightli_unholy_cathedral, layout_chaotic_city,
          tomb_entry_shell_bobbens, hellmonk_ghost_big_iron,
          beargit_elvish_explorers, uniq_zenata
Tomb:1
Tomb:2
Tomb:3
Depths:1: layout_cave_pools, grunt_gozag_statues, hellmouth_3,
          hangedman_decor_diamond_cutter, kennysheep_small_square,
          firewood_loft, serial_bayou_shore_a
Depths:2: minmay_octagon_keep, layout_gridlike, enter_ziggurat_c,
          dreamdust_wishing_well, hell_entry, grunt_pan_entry_in_and_out,
          infiniplex_enter_wizlab_spiral
Depths:3: wad_courtyard, layout_basic, rand_demon_pan_entry_8,
          pf_dread_powers_of_hell, abyss_entry, elyvilon_altar_3,
          minmay_staircase_bubble, uniq_mennas
Depths:4: lemuel_castle_with_subvaults [lemuel_castle_interior_carwin_1],
          layout_honeycomb, grunt_hell_entry_dis_mu, nicolae_eternal_life
Hell
Dis:1:    layout_jigsaw
Dis:2:    layout_subdivisions, lemuel_dis_dragons
Dis:3:    nicolae_dis_circle_tower, layout_jigsaw
Dis:4:    layout_gridville
Dis:5:    layout_overlapping_boxes, nicolae_dis_metal_lava_thing
Dis:6:    layout_subdivisions, nicolae_dis_step_into_the_octagon
Dis:7:    dis_hangedman
Geh:1:    layout_gehenna_lava_caves
Geh:2:    layout_gehenna_lava_caves, evilmike_ambush
          [evilmike_ambush_outer_basic, evilmike_ambush_inner_basic]
Geh:3:    layout_gehenna_lava_caves
Geh:4:    layout_gehenna_pools_box
Geh:5:    layout_gehenna_lava_caves
Geh:6:    layout_gehenna_lava_caves
Geh:7:    geh_grunt
Coc:1:    layout_ice_bergs
Coc:2:    layout_cocytus_delve
Coc:3:    nicolae_coc_two_mouths, layout_ice_bergs
Coc:4:    layout_ice_bergs
Coc:5:    layout_cocytus_delve
Coc:6:    layout_cocytus_delve
Coc:7:    coc_dpeg
Tar:1:    nicolae_hells_titanomachy
Tar:2:    layout_grid_maze, lemuel_nasty_pond
Tar:3:    layout_honeycomb, nicolae_tar_cuneiform_to_be
Tar:4:    nicolae_tar_funeral_procession, layout_cathedral_of_symmetry,
          nicolae_hells_hurtin_island
Tar:5:    layout_honeycomb
Tar:6:    layout_grid_maze
Tar:7:    tar_mu [tar_mu_maze]
Zot:1:    dreamdust_black_sun_cult, layout_misc_corridors
Zot:2:    layout_cathedral_of_symmetry
Zot:3:    lemuel_firehouse, layout_cathedral_of_symmetry, uniq_tiamat,
          uniq_josephina
Zot:4:    layout_onion_interference, hangedman_elemental_grid_stream
Zot:5:    layout_misc_corridors

Skill      XL: |  1  2  3  4  5  6  7  8  9 10 11 12 13 14 15 16 17 18 19 20 21 22 23 24 25 26 27 |
---------------+----------------------------------------------------------------------------------+-----
Hexes          | 1 2 3 |  3.0
Conjurations   | 5 6 7 8 10 13 14 15 16 17 18 19 20 21 22 | 22.0
Spellcasting   | 5 6 7 8 10 12 13 14 16 17 18 19 20 21 22 23 24 25 27 | 27.0
Translocations | 2 3 |  3.0
Fire Magic     | 3 7 10 12 15 17 18 20 21 22 | 22.0
Fighting       | 1 4 5 6 7 9 10 11 12 27 | 27.0
Dodging        | 4 7 10 20 | 20.0
Shields        | 2 5 7 10 15 | 15.0
Armour         | 4 6 16 | 16.9
Necromancy     | 6 8 |  8.0
Shapeshifting  | 4 9 14 19 22 23 | 23.0
Earth Magic    | 4 8 10 22 | 22.0
Air Magic      | 22 | 22.0
Stealth        | 18 | 18.0
Ice Magic      | 14 | 14.6
Long Blades    | 14 | 14.0

Action                     |  1- 3 |  4- 6 |  7- 9 | 10-12 | 13-15 | 16-18 | 19-21 | 22-24 | 25-27 || total
---------------------------+-------+-------+-------+-------+-------+-------+-------+-------+-------++-------
  Melee: Whip              |       |       |     5 |     9 |   117 |       |       |       |       ||   131
         Punch             |       |       |       |       |     1 |       |       |       |       ||     1
         Quarterstaff      |       |       |       |       |     1 |       |       |       |       ||     1
         Staff             |       |       |       |       |       |     3 |     1 |     2 |    18 ||    24
  Throw: Dart              |       |       |       |     1 |     6 |       |       |       |       ||     7
   Cast: Magic Dart        |    49 |    42 |    42 |     6 |     2 |     5 |       |       |       ||   146
         Searing Ray       |     6 |    11 |    16 |     5 |     2 |     1 |       |       |       ||    41
         Fulminant Prism   |       |     6 |    47 |    45 |    86 |    14 |       |       |       ||   198
         Iskenderun's Myst |       |       |     8 |    45 |    56 |    36 |    27 |    21 |    22 ||   215
         Fireball          |       |       |       |   118 |   331 |   422 |    66 |    13 |    58 ||  1008
         Orb of Destructio |       |       |       |       |    16 |    42 |    18 |    12 |    13 ||   101
         Blink             |       |       |       |       |     1 |       |       |       |     2 ||     3
         Sublimation of Bl |       |       |       |       |       |    21 |    40 |    25 |     3 ||    89
         Starburst         |       |       |       |       |       |     5 |       |       |       ||     5
         Fire Storm        |       |       |       |       |       |    10 |   139 |   158 |   424 ||   731
         Ignition          |       |       |       |       |       |     2 |    70 |     4 |    48 ||   124
         Lehudib's Crystal |       |       |       |       |       |       |       |    14 |   199 ||   213
         Shatter           |       |       |       |       |       |       |       |       |   511 ||   511
         Chain Lightning   |       |       |       |       |       |       |       |       |   192 ||   192
         Apportation       |       |       |       |       |       |       |       |       |     1 ||     1
Ability: Begin Untransform |       |       |       |       |       |       |       |     1 |    16 ||    17
  Evoke: Wand              |       |       |       |     3 |     1 |     3 |     1 |     1 |     2 ||    11
         Phantom mirror    |       |       |       |     1 |       |       |       |       |       ||     1
         Lightning rod     |       |       |       |       |       |     1 |       |       |       ||     1
    Use: Scroll            |       |     5 |    13 |     9 |     4 |     5 |     5 |     3 |    33 ||    77
         Potion            |       |       |       |     4 |     6 |       |     8 |     1 |    23 ||    42
 Armour: Robe              |     3 |     2 |    14 |    41 |       |       |       |       |       ||    60
         Skin              |       |       |     2 |    26 |       |       |       |       |       ||    28
         Leather armour    |       |       |       |    13 |   129 |    84 |    30 |    45 |   500 ||   801
  Dodge: Dodged            |     3 |     5 |    35 |    51 |   164 |    37 |    20 |    19 |   200 ||   534
         Repelled          |     2 |       |       |     4 |     6 |     1 |       |       |       ||    13
  Block: Other             |       |       |       |     2 |    43 |       |       |       |       ||    45
         Reflection        |       |       |       |       |    11 |    11 |     1 |       |     5 ||    28
         Buckler           |       |       |       |       |     2 |    25 |     1 |     9 |    10 ||    47
         Kite shield       |       |       |       |       |       |       |       |       |   190 ||   190
   Form: Death             |       |       |       |       |       |       |       |     1 |    16 ||    17

Table legend: (Time is in decaauts)
 A = Elapsed time spent in this place.
 B = Non-inter-level travel time spent in this place.
 C = Inter-level travel time spent in this place.
 D = Time resting spent in this place.
 E = Time spent auto-exploring this place.
 F = Levels seen in this place.
 G = Mean time per level.
                   A        B        C        D        E       F      G
               +--------+--------+--------+--------+--------+-----+--------+
         Total |  53202 |  48150 |   5052 |   5410 |  19477 | 136 |  391.2 |
       Dungeon |  17295 |  15126 |   2169 |   2057 |   8914 |  15 | 1153.0 |
        Temple |     41 |     25 |     16 |      0 |      0 |   1 |   41.0 |
          Lair |   5837 |   5205 |    632 |    595 |   3226 |   5 | 1167.4 |
         Swamp |   1074 |   1003 |     71 |     29 |    196 |   4 |  268.5 |
     Snake Pit |   3111 |   2675 |    436 |    378 |   1129 |   4 |  777.8 |
    Slime Pits |    665 |    644 |     21 |     22 |      0 |   5 |  133.0 |
  Orcish Mines |   2127 |   1860 |    267 |     99 |   1161 |   2 | 1063.5 |
   Elven Halls |   4966 |   4734 |    232 |   1028 |   1940 |   3 | 1655.3 |
        Vaults |   2456 |   1999 |    457 |      0 |    539 |   5 |  491.2 |
         Crypt |   1036 |    896 |    140 |      0 |    196 |   3 |  345.3 |
          Tomb |    858 |    823 |     35 |     48 |      0 |   3 |  286.0 |
        Depths |   2415 |   1951 |    464 |      0 |    525 |   4 |  603.8 |
          Hell |    283 |    283 |      0 |     68 |      0 |   1 |  283.0 |
           Dis |    945 |    943 |      2 |    195 |      3 |   7 |  135.0 |
       Gehenna |    746 |    746 |      0 |     58 |    122 |   7 |  106.6 |
       Cocytus |    700 |    700 |      0 |     30 |     28 |   7 |  100.0 |
      Tartarus |    479 |    479 |      0 |     46 |      0 |   7 |   68.4 |
           Zot |   1679 |   1575 |    104 |    116 |    368 |   5 |  335.8 |
         Abyss |    406 |    406 |      0 |      0 |    143 |   3 |  135.3 |
   Pandemonium |   2260 |   2260 |      0 |    162 |    595 |  14 |  161.4 |
      Ziggurat |   2030 |   2030 |      0 |     43 |      0 |  27 |   75.2 |
         Trove |     46 |     46 |      0 |      0 |      0 |   1 |   46.0 |
      Ice Cave |    637 |    637 |      0 |    367 |      0 |   1 |  637.0 |
        Wizlab |    443 |    443 |      0 |      0 |    184 |   1 |  443.0 |
      Gauntlet |    656 |    656 |      0 |     69 |    204 |   1 |  656.0 |
               +--------+--------+--------+--------+--------+-----+--------+

Top non-repeatable levels by time:
    D:10: 2303 daAuts
   Elf:3: 1981 daAuts
   Elf:1: 1898 daAuts
    D:15: 1690 daAuts
     D:9: 1666 daAuts
   Orc:2: 1472 daAuts
  Lair:5: 1429 daAuts
  Lair:2: 1264 daAuts
    D:12: 1243 daAuts
 Snake:2: 1211 daAuts
  Lair:3: 1194 daAuts
     D:5: 1189 daAuts
    D:14: 1135 daAuts
     D:1: 1118 daAuts
   Elf:2: 1087 daAuts
